Workbook
Name A: #REF!
Name AnnTotGen_woStrg1: #REF!
Name AnnTotGen_woStrg2: #REF!
Name AnnTotGen_woStrg3: #REF!
Name AnnTotGen_woStrg4: #REF!
Name AnnTotGen1: 'Part VI - Prod Data (Phase 2)'!$Y$132
Name AnnTotGen1: 'Part VI - Prod Data (Phase 1)'!$Y$132
Name AnnTotGen2: #REF!
Name AnnTotGen3: #REF!
Name AnnTotGen4: #REF!
Name AnnTotMWH1: #REF!
Name AnnTotMWH2: #REF!
Name AnnTotMWH3: #REF!
Name AnnTotMWH4: #REF!
Name AvailFac: #REF!
Name AvailFac2: #REF!
Name AvailFac3: #REF!
Name AvailFac4: #REF!
Name BidderName: 'Part II-Certifications'!$F$52
Name BidderName: #REF!
Name BidderRep: 'Part II-Certifications'!$F$55
Name BidderRep: #REF!
Name BidderRepTitle: 'Part II-Certifications'!$D$57
Name BidderRepTitle: #REF!
Name Caddr1: 'Part II-Certifications'!$E$76
Name Caddr1: #REF!
Name Caddr1_2: 'Part II-Certifications'!$E$87
Name Caddr1_2: #REF!
Name Caddr2: 'Part II-Certifications'!$E$77
Name Caddr2: #REF!
Name Caddr2_2: 'Part II-Certifications'!$E$88
Name Caddr2_2: #REF!
Name CalcStorEff1: #REF!
Name CalcStorEff2: #REF!
Name CalcStorEff3: #REF!
Name CalcStorEff4: #REF!
Name CapFac: #REF!
Name CapFac2: #REF!
Name CapFac3: #REF!
Name CapFac4: #REF!
Name CapGross: #REF!
Name CapGross2: #REF!
Name CapGross3: #REF!
Name CapGross4: #REF!
Name CapNet: #REF!
Name CapNet2: #REF!
Name CapNet3: #REF!
Name CapNet4: #REF!
Name CntMax: #REF!
Name CntMax2: #REF!
Name CntMax3: #REF!
Name CntMax4: #REF!
Name CntName: 'Part II-Certifications'!$E$73
Name CntName: #REF!
Name CntName_2: 'Part II-Certifications'!$E$84
Name CntName_2: #REF!
Name EligBidCategory: 'Part III-Submission ID'!#REF!
Name Email: 'Part II-Certifications'!$E$79
Name Email: #REF!
Name Email_2: 'Part II-Certifications'!$E$90

Sheet Part I-Instuctions
B3: Duke OSW ARFI Submission Uptake Form_UPDATED 04.17.2025
B5: Part I
F6: Guidelines and Instructions
B8: Duke Energy OSW ARFI Submission Uptake Form
B43: =B3 -> Duke OSW ARFI Submission Uptake Form_UPDATED 04.17.2025
B45: Part I (continued)
F46: Guidelines and Instructions
K81: END

Sheet Part II-Certifications
B3: ='Part I-Instuctions'!B3 -> Duke OSW ARFI Submission Uptake Form_UPDATED 04.17.2025
B5: Part II (a)
B6: Submission Certification and Authorization Form
C47: Project File Name | F47: Required Information
C48: As Submitted to the ARFI Submission Portal, see Part I-Instructions
C50: Project Title(s) | F50: Required Information
C52: Submitting Party's Name | F52: Required Information
C54: Submitting Party or
C55: Authorized Representative | F55: Required Information
D58: Submitting Party Representative's Title | I58: Date
D61: Signature of Submitting Party or Authorized Representative
B67: ='Part I-Instuctions'!B3 -> Duke OSW ARFI Submission Uptake Form_UPDATED 04.17.2025
B69: Part II (b)
B70: Bidder and Contact Information
C72: Contact Information For Project
C73: Name | E73: Required Information
C74: Mailing Address | E74: Required Information
C76: Courier Address
C77: (if different)
C78: Telephone Number | E78: Required Information
C79: E-mail Address | E79: Required Information
C83: Alternate Contact (Optional)
C84: Name
C85: Mailing Address
C87: Courier Address
C88: (if different)
C89: Telephone Number
C90: E-mail Address
M93: END

Sheet Part III-Submission ID
B3: ='Part I-Instuctions'!B3 -> Duke OSW ARFI Submission Uptake Form_UPDATED 04.17.2025
B5: Part III
B6: Submission Identification and Definitions
C9: Submitting Party's Name | G9: ='Part II-Certifications'!F50 -> Required Information | Q9: =IF(G9="","<<< Enter Information in Part II","")
C11: Project Title | G11: ='Part II-Certifications'!F50 -> Required Information | Q11: =IF(G11="","<<< Enter Information in Part II","")
C14: Provide a summary description of the following:
C16: How this proposal meets the definition of "Offshore Wind Energy Generation"
C17: Required Information
Q18: =IF(C17="","<<< Required Information","")
C22: How the developer of this Submission meets the definition of "Offshore Wind Developer"
C23: Required Information
Q24: =IF(C23="","<<< Required Information","")
Q30: END

Sheet Part IV(a-c) - SiteProject Desc
B3: ='Part I-Instuctions'!B3 -> Duke OSW ARFI Submission Uptake Form_UPDATED 04.17.2025
B5: Part IV (a), (b), & (c)
B6: Site Project Description (Conditions, Project Design Elements, & Logistics and Vessel Plan)
C14: Part IV (a)
C15: Site Conditions
G20: Required Inputs
D22: Water depth range within the Project envelope | E22: Min | H22: meters
E23: Max | H23: meters
D25: Mean water depth at proposed turbine locations | H25: meters
D27: Mean air density | H27: kg/m3
D29: Long-term average wind speed by month at hub height | E29: Jan | H29: meters/sec
E30: Feb | H30: meters/sec
E31: Mar | H31: meters/sec
E32: Apr | H32: meters/sec
E33: May | H33: meters/sec
E34: Jun | H34: meters/sec
E35: Jul | H35: meters/sec
E36: Aug | H36: meters/sec
E37: Sep | H37: meters/sec
E38: Oct | H38: meters/sec
E39: Nov | H39: meters/sec
E40: Dec | H40: meters/sec
D42: Extreme wind speed at hub height | E42: Return period (years)
E43: 1 | F43: 5 | G43: 10 | H43: 50 | I43: 100
D44: 10 min
D45: 1 min
D46: 3 sec gust
D48: Waves | E48: Return period (years)
E49: 1 | F49: 5 | G49: 10 | H49: 50 | I49: 100
D50: Maximum individual wave height (m)
D51: Associated period (s)
D52: Significant wave height (m)
D54: Sea temperature | E54: Lowest | H54: degrees C
E55: Highest | H55: degrees C
D57: Measurement Methodology | E57: Response
D58: On-site wind resource measurement device
D59: On-site wind resource measurement duration
D60: On-site wind resource measurement data capture percentage
D61: Long term wind resource measurement reference used to extend on-site data
D62: Long term wind resource measurement reference data period
D63: Correlation coefficient between on-site data and long-term reference
C66: Continued below
C68: ='Part I-Instuctions'!B3 -> Duke OSW ARFI Submission Uptake Form_UPDATED 04.17.2025
C70: Part IV (b)
C71: Project Design Elements
F77: Required Inputs
D78: Turbine Concept | F78: Capacity (MW) | G78: Value | H78: Units | I78: Notes
D79: Turbine Supplier
D80: Turbine Model Capacity | H80: MW
D81: Hub height | H81: m
D82: Rotor diameter | H82: m
D83: Rated wind speed | H83: m/s
D84: Cut-in wind speed | H84: m/s
D85: Cut-out wind speed | H85: m/s
D87: Substructure Concept | F87: Capacity (MW) | G87: Value | H87: Units | I87: Notes
D88: Turbine Substructure Design (e.g., monopile with Transition Piece)
D89: Turbine Substructure Supplier
D90: Mass of substructure | H90: mt
D91: Mass of Transition Piece (if required) | H91: mt
D92: Diameter at seabed | H92: m
D93: Average overall length | H93: m
D94: Average embedment depth | H94: m
D96: Inter-Array Cable Concept | F96: Capacity (MW) | G96: Value | H96: Units | I96: Notes
D97: Inter-Array Cable Supplier
D98: Inter-Array Cable Voltage | H98: kV
D99: Number of strings
D100: Inter-Array Cable Total Distance | H100: m
D102: Offshore Substation / Converter Station Concept | F102: Capacity (MW) | G102: Value | H102: Units | I102: Notes
D103: Offshore Substation Topside Supplier
D104: Offshore Substation Foundation Supplier
D105: Offshore Substation Total Transfomer arrangement and capacity | H105: MW
D106: Offshore Substation HVAC or HVDC?
D107: Topside dimensions (length x width x height) | H107: m x m x m
D108: Offshore Substation Foundation Concept (i.e. 4 leg jacket, 3 leg jacket, monopile)
D109: Mass of Foundation | H109: mt
D110: Dimensions of Foundation at seabed | H110: m x m
D112: Export Cable Concept | F112: Capacity (MW) | G112: Value | H112: Units | I112: Notes
D113: Offshore Export Cable Supplier
D114: Offshore Export Cable Voltage | H114: kV
D115: Number of circuits
D116: Offshore Export Cable Total Distance | H116: m
D117: Offshore Export Cable monopole or bipole? (HVDC)
D119: Layout | F119: Capacity (MW) | G119: Value | H119: Units | I119: Notes
D120: Number of Turbine Positions
D121: Number of Offshore Substations
D122: Grid Spacing | H122: m x m
D124: Onshore Design Concepts | F124: Capacity (MW) | G124: Value | H124: Units | I124: Notes
D125: Shore Landing Location Coordinates | H125: °N x °W
D126: Landfall Design (i.e. two underground transition vaults)
D127: Landfall Design Area Requirements | H127: m x m
D128: Onshore Export Cable Supplier
D129: Onshore Export Cable Voltage | H129: kV
D130: Number of circuits
D131: Onshore Export Cable Total Distance | H131: m
D132: Onshore Export Cable monopole or bipole? (HVDC)
D133: New onshore substation part of proposal? (yes/no)
D134: Onshore Substation Total Transformer arrangement and capacity
D135: Point of Interconnection (If Minimum Qualifying Submission, POI must be New Bern)
C138: Continued below
C140: ='Part I-Instuctions'!B3 -> Duke OSW ARFI Submission Uptake Form_UPDATED 04.17.2025
...

Sheet Part IV(d) - Project Schedule
B3: ='Part I-Instuctions'!B3 -> Duke OSW ARFI Submission Uptake Form_UPDATED 04.17.2025
B5: Part IV (d)
B6: Project Schedule
E12: Phase 1 - Required | G12: Phase 2 - Optional | I12: Optional
C13: Category | D13: Milestones | E13: Capacity (MW) | F13: Proposed Date (MM/YYYY) | G13: Capacity (MW) | H13: Proposed Date (MM/YYYY) | I13: Notes
C14: Permitting | D14: SAP Submitted
D15: SAP Approved
D16: Submission of COP
D17: Draft Environmental Impact Statement (EIS)
D18: Final EIS
D19: BOEM COP Approval
D20: BOEM Record of Decision (ROD)
D21: FDR/FIR Approval
D22: All state permits received
D23: All local approvals received
D25: MORE DETAILED REQUESTS
D26: Environmental Protection Agency (Air Permit)
D27: National Historic Preservation Act (NHPA)
... D31: Federal Consistency Review(s) Issued
B33: ='Part I-Instuctions'!B3 -> Duke OSW ARFI Submission Uptake Form_UPDATED 04.17.2025
E34: Phase 1 - Required | G34: Phase 2 - Optional | I34: Optional
C35: Category | D35: Milestones | E35: Capacity (MW) | F35: Proposed Date (MM/YYYY) | G35: Capacity (MW) | H35: Proposed Date (MM/YYYY) | I35: Notes
C36: Major components (offshore) | D36: Offshore substation foundation supply contract executed
D37: Offshore substation foundation fabrication start
D38: Offshore substation foundation fabrication end
D39: Offshore substation foundation installation start
D40: Offshore substation fouundation installation end
D42: Offshore substation topside supply contract executed
D43: Offshore substation topside fabrication start
D44: Offshore substation topside fabrication end
D45: Offshore substation topside installation start
D46: Offshore substation topside installation end
D47: Offshore substation testing and commissioning completion
D48: Offshore substation energization
D50: Monopile supply contract executed
... D83: Export cable energization
B85: ='Part I-Instuctions'!B3 -> Duke OSW ARFI Submission Uptake Form_UPDATED 04.17.2025
E87: Phase 1 - Required | G87: Phase 2 - Optional | I87: Optional
C88: Category | D88: Milestones | E88: Capacity (MW) | F88: Proposed Date (MM/YYYY) | G88: Capacity (MW) | H88: Proposed Date (MM/YYYY) | I88: Notes
C89: Major components (onshore) | D89: Landfall / HDD civil works start
D90: Landfall / HDD civil works completion
D92: Onshore export cable fabrication start
D93: Onshore export cable fabrication end
D94: Onshore export cable installation start
D95: Onshore export cable installation end
D96: Onshore export cable termination completion
D97: Onshore export cable energization
D99: Substation civil works start
D100: Substation civil works end
D101: Substation mechanical and electrical completion
D102: Substation site acceptance testing (pre-energization)
D103: Substation energization
C105: Category | D105: Milestones | E105: Capacity (MW) | F105: Proposed Date (MM/YYYY) | G105: Capacity (MW) | H105: Proposed Date (MM/YYYY) | I105: Notes
C106: Port(s) and vessels | D106: Construction port lease commencement
D107: Turbine installation vessel contract execution
D108: Turbine installation vessel charter period start
D109: Turbine installation vessel charter period end
D110: Monopile installatin vessel contract execution
D111: Monopile installation vessel charter period start
D112: Monopile installation vessel charter period end
D113: Primary O&M vessel contract execution
C115: Category | D115: Milestones | E115: Capacity (MW) | F115: Proposed Date (MM/YYYY) | G115: Capacity (MW) | H115: Proposed Date (MM/YYYY) | I115: Notes
C116: Project completion | D116: Project mechanical completion
D117: Project substantial completion
D118: Grid connection testing complete
D119: Turbine first power
D120: Commerical Operations Date
D121: Placed in Service
C124: Category | D124: Milestones | E124: Capacity (MW) | F124: Proposed Date (MM/YYYY) | G124: Capacity (MW) | H124: Proposed Date (MM/YYYY) | I124: Notes
C125: Operational | D125: O&M port lease commencement
D126: Onshore O&M facilities work start
D127: Onshore O&M facilities work end
D128: Decommissioning Initiated
D129: Decommissioning completed
K133: END

Sheet Part IV(e) - O&M Proposal
B3: ='Part I-Instuctions'!B3 -> Duke OSW ARFI Submission Uptake Form_UPDATED 04.17.2025
B5: Part IV (e)
B6: Operations and Maintenance Cost
C12: Phase 1 - Required
C14: Operations Year | D14: Capacity (MW) | E14: Marine Logistics | F14: O&M Facilties and On-Shore Equipment | G14: Routine Maintenance | H14: Equipment Replacement | I14: Maintenance / Replacement Reserves | J14: Lease Fees | K14: Environmental and Stakeholder Costs | L14: Legal and Administrative | M14: OTHER - Please Specify | N14: Total Operations and Maintenance
C15: 0 | N15: =SUM(E15:M15) -> 0
C16: 1 | N16: =SUM(E16:M16) -> 0
C17: 2 | N17: =SUM(E17:M17) -> 0
C18: 3 | N18: =SUM(E18:M18) -> 0
C19: 4 | N19: =SUM(E19:M19) -> 0
C20: 5 | N20: =SUM(E20:M20) -> 0
C21: 6 | N21: =SUM(E21:M21) -> 0
C22: 7 | N22: =SUM(E22:M22) -> 0
C23: 8 | N23: =SUM(E23:M23) -> 0
C24: 9 | N24: =SUM(E24:M24) -> 0
C25: 10 | N25: =SUM(E25:M25) -> 0
C26: 11 | N26: =SUM(E26:M26) -> 0
... C45: 30 | N45: =SUM(E45:M45) -> 0
B48: ='Part I-Instuctions'!B3 -> Duke OSW ARFI Submission Uptake Form_UPDATED 04.17.2025
B50: Part IV (e)
B51: Operations and Maintenance Cost
H53: Phase 2 - Optional
F55: O&M Facilties and On-Shore Equipment | I55: Maintenance / Replacement Reserves | K55: Environmental and Stakeholder Costs | L55: Legal and Administrative | M55: OTHER - Please Specify | N55: Total Operations and Maintenance
C56: Operations Year | D56: Capacity (MW) | E56: Marine Logistics | G56: Routine Maintenance | H56: Equipment Replacement | J56: Lease Fees
C57: 0 | N57: =SUM(E57:M57) -> 0
C58: 1 | N58: =SUM(E58:M58) -> 0
C59: 2 | N59: =SUM(E59:M59) -> 0
C60: 3 | N60: =SUM(E60:M60) -> 0
C61: 4 | N61: =SUM(E61:M61) -> 0
C62: 5 | N62: =SUM(E62:M62) -> 0
C63: 6 | N63: =SUM(E63:M63) -> 0
C64: 7 | N64: =SUM(E64:M64) -> 0
C65: 8 | N65: =SUM(E65:M65) -> 0
C66: 9 | N66: =SUM(E66:M66) -> 0
C67: 10 | N67: =SUM(E67:M67) -> 0
C68: 11 | N68: =SUM(E68:M68) -> 0
... C87: 30 | N87: =SUM(E87:M87) -> 0
P91: END

Sheet Part IV(f) - Decommissioning
B3: ='Part I-Instuctions'!B3 -> Duke OSW ARFI Submission Uptake Form_UPDATED 04.17.2025
B5: Part IV (f)
B6: Decomissioning Costs
C16: Required Inputs
D17: Decommissioning start date
D18: Decommissioning end date
C20: =SUM(C21:C26) -> 0 | D20: Total cost to remove Project infrastructure according to US Code of Federal Regulations, Part 585
D21: Removal of turbines and towers
D22: Removal of foundations and substructures
D23: Removal of inter-array cabling and transformation
D24: Removal of offshore substation
D25: Removal of export cabling
D26: Miscellaneous removal costs
P30: END

Sheet Part V(a)&(b) - CashFlow & Pmts
B3: ='Part I-Instuctions'!B3 -> Duke OSW ARFI Submission Uptake Form_UPDATED 04.17.2025
C5: Part V (a) and (b)(i-iii) | L5: Part V (b)
C6: Project Cash Flows and Milestone Payments | L6: Project Pricing
L19: Part V(b)(i)
L20: Total Project Price to Utilities - Lump Sum (Single Payment)
L22: 0 | O22: Required for Minimum Qualifying Submission, Single Payment of Total Project Price Upon Placed in Service. Optional for Alternative Submissions.
C29: Part V (a) | L29: Part V(b) (ii) | T29: Part V(b) (iii)
C30: Commercial Operations | D30: Year | E30: Quarter | F30: Capacity (MW) | L30: Total Project Price to Utilities - Payment Milestones | T30: Total Project Price to Utilities - Price Price Components
C31: Phase 1 | G31: Required Fields
C32: Phase 2 | G32: Optional
E34: Required Fields | N34: Optional | U34: Required Fields
C35: Phase 1 | L35: Phase 1 | T35: Phase 1
C36: Time Period | L36: Time Period | P36: Percentage (%) | T36: Project Price Detail | U36: Amount ($) | V36: Notes
C37: Year | D37: Quarter | E37: Project Milestone | G37: Cash Flow ($) | H37: Cash Flow Explanation | L37: Year | M37: Quarter | N37: Payment Milestones | O37: Amount ($) | AC37: Time Period
C38: 2025 | D38: 1 | M38: 4 | T38: Development Expenses | AC38: Year | AD38: Quarter
T39: Turbine Supply | AC39: 2037 | AD39: 1
T40: Turbine Transport and Installation (T&I) | AC40: 2036 | AD40: 2
T41: Monopile Design and Fabrication | AC41: 2035 | AD41: 3
T42: Transition Piece (TP) Design and Fabrication | AC42: 2034 | AD42: 4
T43: Monopile and TP T&I | AC43: 2033
T44: Inter-array cabling and installation | AC44: 2032
T45: Export cabling and installation | AC45: 2031
T46: Onshore Cabling and Installation | AC46: 2030
T47: Shore Landing Civil Work | AC47: 2029
T48: Onshore Substation and Installation | AC48: 2028
T49: Onshore O&M Facilities | AC49: 2027
T50: Interconnection and HVDC Cabling | AC50: 2026
T51: Construction Management and Permitting/Compliance | AC51: 2025
T52: Contingency and Risk
T53: Insurance
T54: Development Fee
T55: Margin
T56: Construction Financing
T57: Other | V57: (Please replace title and explain in Notes)
D97: 4 | H97: (Include all prior expenses)
E99: Optional | N99: Optional | U99: Optional
C100: Phase 2 | L100: Phase 2 | T100: Phase 2
C101: Time Period | L101: Time Period | P101: Percentage (%) | T101: Project Price Detail | U101: Amount ($) | V101: Notes
C102: Year | D102: Quarter | E102: Project Milestone | G102: Cash Flow ($) | H102: Cash Flow Explanation | L102: Year | M102: Quarter | N102: Payment Milestones | O102: Amount ($) | AC102: Time Period
D103: 2 | M103: 4 | T103: Development Expenses | AC103: Year | AD103: Quarter
T104: Turbine Supply | AC104: 2037 | AD104: 1
T105: Turbine Transport and Installation (T&I) | AC105: 2036 | AD105: 2
T106: Monopile Design and Fabrication | AC106: 2035 | AD106: 3
T107: Transition Piece (TP) Design and Fabrication | AC107: 2034 | AD107: 4
T108: Monopile and TP T&I | AC108: 2033
T109: Inter-array cabling and installation | AC109: 2032
T110: Export cabling and installation | AC110: 2031
T111: Onshore Cabling and Installation | AC111: 2030
T112: Shore Landing Civil Work | AC112: 2029
T113: Onshore Substation and Installation | AC113: 2028
T114: Onshore O&M Facilities | AC114: 2027
T115: Interconnection and HVDC Cabling | AC115: 2026
T116: Construction Management and Permitting/Compliance | AC116: 2025
T117: Contingency and Risk | AC117: 2024
T118: Insurance
T119: Development Fee
T120: Margin
T121: Construction Financing
T122: Other | V122: (Please replace title and explain in Notes)
D162: 4 | H162: (Include all prior expenses)
F164: TOTAL EXPENDITURES | G164: =SUM(G38:G97)+SUM(G103:G162) -> 0 | N164: TOTAL PROJECT PRICE | O164: =SUM(O38:O97)+SUM(O103:O162) -> 0 | P164: =SUM(P38:P97)+SUM(P103:P162) -> 0 | T164: PROJECT PRICE DETAIL | U164: =SUM(U38:U97)+SUM(U103:U162) -> 0
L165: Must equal sum of Project Price Detail (Cell O83 must equal Cell U83) | O165: =IF(O164=U164,"OK","Not Equal") -> OK | P165: =IF(P164=1,"OK","Not 100%") -> Not 100%
X169: END

Sheet Part VI - Prod Data (Phase 1)
B3: ='Part I-Instuctions'!B3 -> Duke OSW ARFI Submission Uptake Form_UPDATED 04.17.2025 | R3: ='Part I-Instuctions'!B3 -> Duke OSW ARFI Submission Uptake Form_UPDATED 04.17.2025 | AD3: Hourly Profile | AJ3: ='Part I-Instuctions'!B3 -> Duke OSW ARFI Submission Uptake Form_UPDATED 04.17.2025
B4: Part VI | R4: Part VI (a) | AJ4: Part VI (a) (i)
B5: Prodution Data | R5: Operational Information - Production Data of Offshore Wind Project | AJ5: Representative Deliveries in Representative Year
R6: Hourly Delivery in MW (Averaged) - 12 Months by 24 Hours For Representative Day For Each Month | AK6: Enter data for a single year representative of the Project's 30-year average production
AL7: Projects must provide 8,760 hourly energy production data. From the hourly energy production data, the 30-year average in MW, inclusive of wake losses, suboptimal performance, environmental losses and electrical losses will be calculated automatically and will populate Part VI(a). For the avoidance of doubt, hourly production values should represent energy delivered to the POI assuming 100% turbine and balance of plant availability.
S8: You must insert an Hourly Profile, do so to the right by completing VI(a)(i). Table Part VI (a) below will be populated automatically from your data entered in Part V(a)(i), creating the project's 12 x 24 annual energy production inclusive of wake losses, suboptimal performance, environmental losses, and electrical losses. Downtime associated with O&M including planned or unplanned maintenance is not included and will be covered by Part VI (b) and Part VI (c) below.
C10: Legend | AL10: Check: | AM10: =IF($BR$14=8760,"OK","8,760 Hourly Values Missing") -> 8,760 Hourly Values Missing
D11: Grey cell is automatically calculated | AI11: =IF(AG14<(12*24),"Table VI(a) is incomplete, please enter all hourly profiles in VI (a) (i) >>>","OK") -> Table VI(a) is incomplete, please enter all hourly profiles in VI (a) (i) >>> | AJ11: JANUARY
D12: White cell is to be updated by the WEA Leaseholder
C13: =AVERAGE(J49:J78)-(SUM(AL15:BP38)+SUM(AL48:BN71)+SUM(AL79:BP102)+SUM(AL110:BO133)+SUM(AL141:BP164)+SUM(AL172:BO195)+SUM(AL203:BP226)+SUM(AL234:BP257)+SUM(AL265:BO288)+SUM(AL296:BP319)+SUM(AL327:BO350)+SUM(AL358:BP381)) -> 0 | D13: If sheet is filled out correctly, value to the immediate left should be zero | AK13: HE | AL13: 1 | AM13: 2 | AN13: 3 | AO13: 4 | AP13: 5 | AQ13: 6 | AR13: 7 | AS13: 8 | AT13: 9 | AU13: 10 | AV13: 11 | AW13: 12 | AX13: 13 | AY13: 14 | AZ13: 15 | BA13: 16 | BB13: 17 | BC13: 18 | BD13: 19 | BE13: 20 | BF13: 21 | BG13: 22 | BH13: 23 | BI13: 24 | BJ13: 25 | BK13: 26 | BL13: 27 | BM13: 28 | BN13: 29 | BO13: 30 | BP13: 31 | BQ13: Month
D14: Pre-populated | S14: HE | T14: Jan | U14: Feb | V14: Mar | W14: Apr | X14: May | Y14: Jun | Z14: Jul | AA14: Aug | AB14: Sep | AC14: Oct | AD14: Nov | AE14: Dec | AG14: =COUNT(T15:AE38) -> 0 | BQ14: Avg | BR14: =COUNT(AL15:BP38,AL48:BN71,AL79:BP102,AL110:BO133,AL141:BP164,AL172:BO195,AL203:BP226,AL234:BP257,AL265:BO288,AL296:BP319,AL327:BO350,AL358:BP381) -> 0
S15: 1 | T15: =IF($AD$3="Hourly Profile",BQ15,"") | U15: =IF($AD$3="Hourly Profile",BQ48,"") | V15: =IF($AD$3="Hourly Profile",BQ79,"") | W15: =IF($AD$3="Hourly Profile",BQ110,"") | X15: =IF($AD$3="Hourly Profile",BQ141,"") | Y15: =IF($AD$3="Hourly Profile",BQ172,"") | Z15: =IF($AD$3="Hourly Profile",BQ203,"") | AA15: =IF($AD$3="Hourly Profile",BQ234,"") | AB15: =IF($AD$3="Hourly Profile",BQ265,"") | AC15: =IF($AD$3="Hourly Profile",BQ296,"") | AD15: =IF($AD$3="Hourly Profile",BQ327,"") | AE15: =IF($AD$3="Hourly Profile",BQ358,"") | AK15: 1 | BQ15: =IFERROR(AVERAGE(AL15:BP15),"")
C16: Complete the fields below | S16: 2 | T16: =IF($AD$3="Hourly Profile",BQ16,"") | U16: =IF($AD$3="Hourly Profile",BQ49,"") | V16: =IF($AD$3="Hourly Profile",BQ80,"") | W16: =IF($AD$3="Hourly Profile",BQ111,"") | X16: =IF($AD$3="Hourly Profile",BQ142,"") | Y16: =IF($AD$3="Hourly Profile",BQ173,"") | Z16: =IF($AD$3="Hourly Profile",BQ204,"") | AA16: =IF($AD$3="Hourly Profile",BQ235,"") | AB16: =IF($AD$3="Hourly Profile",BQ266,"") | AC16: =IF($AD$3="Hourly Profile",BQ297,"") | AD16: =IF($AD$3="Hourly Profile",BQ328,"") | AE16: =IF($AD$3="Hourly Profile",BQ359,"") | AK16: 2 | BQ16: =IFERROR(AVERAGE(AL16:BP16),"")
C17: Eligible Facility Location | E17: Latitude | S17: 3 | T17: =IF($AD$3="Hourly Profile",BQ17,"") | U17: =IF($AD$3="Hourly Profile",BQ50,"") | V17: =IF($AD$3="Hourly Profile",BQ81,"") | W17: =IF($AD$3="Hourly Profile",BQ112,"") | X17: =IF($AD$3="Hourly Profile",BQ143,"") | Y17: =IF($AD$3="Hourly Profile",BQ174,"") | Z17: =IF($AD$3="Hourly Profile",BQ205,"") | AA17: =IF($AD$3="Hourly Profile",BQ236,"") | AB17: =IF($AD$3="Hourly Profile",BQ267,"") | AC17: =IF($AD$3="Hourly Profile",BQ298,"") | AD17: =IF($AD$3="Hourly Profile",BQ329,"") | AE17: =IF($AD$3="Hourly Profile",BQ360,"") | AK17: 3 | BQ17: =IFERROR(AVERAGE(AL17:BP17),"")
E18: Longitude | S18: 4 | T18: =IF($AD$3="Hourly Profile",BQ18,"") | U18: =IF($AD$3="Hourly Profile",BQ51,"") | V18: =IF($AD$3="Hourly Profile",BQ82,"") | W18: =IF($AD$3="Hourly Profile",BQ113,"") | X18: =IF($AD$3="Hourly Profile",BQ144,"") | Y18: =IF($AD$3="Hourly Profile",BQ175,"") | Z18: =IF($AD$3="Hourly Profile",BQ206,"") | AA18: =IF($AD$3="Hourly Profile",BQ237,"") | AB18: =IF($AD$3="Hourly Profile",BQ268,"") | AC18: =IF($AD$3="Hourly Profile",BQ299,"") | AD18: =IF($AD$3="Hourly Profile",BQ330,"") | AE18: =IF($AD$3="Hourly Profile",BQ361,"") | AK18: 4 | BQ18: =IFERROR(AVERAGE(AL18:BP18),"")
C19: Turbine capacity | E19: MW | S19: 5 | T19: =IF($AD$3="Hourly Profile",BQ19,"") | U19: =IF($AD$3="Hourly Profile",BQ52,"") | V19: =IF($AD$3="Hourly Profile",BQ83,"") | W19: =IF($AD$3="Hourly Profile",BQ114,"") | X19: =IF($AD$3="Hourly Profile",BQ145,"") | Y19: =IF($AD$3="Hourly Profile",BQ176,"") | Z19: =IF($AD$3="Hourly Profile",BQ207,"") | AA19: =IF($AD$3="Hourly Profile",BQ238,"") | AB19: =IF($AD$3="Hourly Profile",BQ269,"") | AC19: =IF($AD$3="Hourly Profile",BQ300,"") | AD19: =IF($AD$3="Hourly Profile",BQ331,"") | AE19: =IF($AD$3="Hourly Profile",BQ362,"") | AG19: =IF(AND(AG18<288,AD3="12 Months by 24 Hours"),"<<< Full Matrix is Required Information","") | AK19: 5 | BQ19: =IFERROR(AVERAGE(AL19:BP19),"")
C20: Number of turbines | E20: # | S20: 6 | T20: =IF($AD$3="Hourly Profile",BQ20,"") | U20: =IF($AD$3="Hourly Profile",BQ53,"") | V20: =IF($AD$3="Hourly Profile",BQ84,"") | W20: =IF($AD$3="Hourly Profile",BQ115,"") | X20: =IF($AD$3="Hourly Profile",BQ146,"") | Y20: =IF($AD$3="Hourly Profile",BQ177,"") | Z20: =IF($AD$3="Hourly Profile",BQ208,"") | AA20: =IF($AD$3="Hourly Profile",BQ239,"") | AB20: =IF($AD$3="Hourly Profile",BQ270,"") | AC20: =IF($AD$3="Hourly Profile",BQ301,"") | AD20: =IF($AD$3="Hourly Profile",BQ332,"") | AE20: =IF($AD$3="Hourly Profile",BQ363,"") | AK20: 6 | BQ20: =IFERROR(AVERAGE(AL20:BP20),"")
C21: Hub height | E21: m | S21: 7 | T21: =IF($AD$3="Hourly Profile",BQ21,"") | U21: =IF($AD$3="Hourly Profile",BQ54,"") | V21: =IF($AD$3="Hourly Profile",BQ85,"") | W21: =IF($AD$3="Hourly Profile",BQ116,"") | X21: =IF($AD$3="Hourly Profile",BQ147,"") | Y21: =IF($AD$3="Hourly Profile",BQ178,"") | Z21: =IF($AD$3="Hourly Profile",BQ209,"") | AA21: =IF($AD$3="Hourly Profile",BQ240,"") | AB21: =IF($AD$3="Hourly Profile",BQ271,"") | AC21: =IF($AD$3="Hourly Profile",BQ302,"") | AD21: =IF($AD$3="Hourly Profile",BQ333,"") | AE21: =IF($AD$3="Hourly Profile",BQ364,"") | AK21: 7 | BQ21: =IFERROR(AVERAGE(AL21:BP21),"")
S22: 8 | T22: =IF($AD$3="Hourly Profile",BQ22,"") | U22: =IF($AD$3="Hourly Profile",BQ55,"") | V22: =IF($AD$3="Hourly Profile",BQ86,"") | W22: =IF($AD$3="Hourly Profile",BQ117,"") | X22: =IF($AD$3="Hourly Profile",BQ148,"") | Y22: =IF($AD$3="Hourly Profile",BQ179,"") | Z22: =IF($AD$3="Hourly Profile",BQ210,"") | AA22: =IF($AD$3="Hourly Profile",BQ241,"") | AB22: =IF($AD$3="Hourly Profile",BQ272,"") | AC22: =IF($AD$3="Hourly Profile",BQ303,"") | AD22: =IF($AD$3="Hourly Profile",BQ334,"") | AE22: =IF($AD$3="Hourly Profile",BQ365,"") | AK22: 8 | BQ22: =IFERROR(AVERAGE(AL22:BP22),"")
C23: Annual average wind speed at hub height across turbine locations | S23: 9 | T23: =IF($AD$3="Hourly Profile",BQ23,"") | U23: =IF($AD$3="Hourly Profile",BQ56,"") | V23: =IF($AD$3="Hourly Profile",BQ87,"") | W23: =IF($AD$3="Hourly Profile",BQ118,"") | X23: =IF($AD$3="Hourly Profile",BQ149,"") | Y23: =IF($AD$3="Hourly Profile",BQ180,"") | Z23: =IF($AD$3="Hourly Profile",BQ211,"") | AA23: =IF($AD$3="Hourly Profile",BQ242,"") | AB23: =IF($AD$3="Hourly Profile",BQ273,"") | AC23: =IF($AD$3="Hourly Profile",BQ304,"") | AD23: =IF($AD$3="Hourly Profile",BQ335,"") | AE23: =IF($AD$3="Hourly Profile",BQ366,"") | AK23: 9 | BQ23: =IFERROR(AVERAGE(AL23:BP23),"")
E24: m/s | S24: 10 | T24: =IF($AD$3="Hourly Profile",BQ24,"") | U24: =IF($AD$3="Hourly Profile",BQ57,"") | V24: =IF($AD$3="Hourly Profile",BQ88,"") | W24: =IF($AD$3="Hourly Profile",BQ119,"") | X24: =IF($AD$3="Hourly Profile",BQ150,"") | Y24: =IF($AD$3="Hourly Profile",BQ181,"") | Z24: =IF($AD$3="Hourly Profile",BQ212,"") | AA24: =IF($AD$3="Hourly Profile",BQ243,"") | AB24: =IF($AD$3="Hourly Profile",BQ274,"") | AC24: =IF($AD$3="Hourly Profile",BQ305,"") | AD24: =IF($AD$3="Hourly Profile",BQ336,"") | AE24: =IF($AD$3="Hourly Profile",BQ367,"") | AK24: 10 | BQ24: =IFERROR(AVERAGE(AL24:BP24),"")
S25: 11 | T25: =IF($AD$3="Hourly Profile",BQ25,"") | U25: =IF($AD$3="Hourly Profile",BQ58,"") | V25: =IF($AD$3="Hourly Profile",BQ89,"") | W25: =IF($AD$3="Hourly Profile",BQ120,"") | X25: =IF($AD$3="Hourly Profile",BQ151,"") | Y25: =IF($AD$3="Hourly Profile",BQ182,"") | Z25: =IF($AD$3="Hourly Profile",BQ213,"") | AA25: =IF($AD$3="Hourly Profile",BQ244,"") | AB25: =IF($AD$3="Hourly Profile",BQ275,"") | AC25: =IF($AD$3="Hourly Profile",BQ306,"") | AD25: =IF($AD$3="Hourly Profile",BQ337,"") | AE25: =IF($AD$3="Hourly Profile",BQ368,"") | AK25: 11 | BQ25: =IFERROR(AVERAGE(AL25:BP25),"")
C26: Gross energy (annual 30-year average) | D26: =AVERAGE(D49:D78) -> #DIV/0! | E26: MWh/year | S26: 12 | T26: =IF($AD$3="Hourly Profile",BQ26,"") | U26: =IF($AD$3="Hourly Profile",BQ59,"") | V26: =IF($AD$3="Hourly Profile",BQ90,"") | W26: =IF($AD$3="Hourly Profile",BQ121,"") | X26: =IF($AD$3="Hourly Profile",BQ152,"") | Y26: =IF($AD$3="Hourly Profile",BQ183,"") | Z26: =IF($AD$3="Hourly Profile",BQ214,"") | AA26: =IF($AD$3="Hourly Profile",BQ245,"") | AB26: =IF($AD$3="Hourly Profile",BQ276,"") | AC26: =IF($AD$3="Hourly Profile",BQ307,"") | AD26: =IF($AD$3="Hourly Profile",BQ338,"") | AE26: =IF($AD$3="Hourly Profile",BQ369,"") | AK26: 12 | BQ26: =IFERROR(AVERAGE(AL26:BP26),"")
S27: 13 | T27: =IF($AD$3="Hourly Profile",BQ27,"") | U27: =IF($AD$3="Hourly Profile",BQ60,"") | V27: =IF($AD$3="Hourly Profile",BQ91,"") | W27: =IF($AD$3="Hourly Profile",BQ122,"") | X27: =IF($AD$3="Hourly Profile",BQ153,"") | Y27: =IF($AD$3="Hourly Profile",BQ184,"") | Z27: =IF($AD$3="Hourly Profile",BQ215,"") | AA27: =IF($AD$3="Hourly Profile",BQ246,"") | AB27: =IF($AD$3="Hourly Profile",BQ277,"") | AC27: =IF($AD$3="Hourly Profile",BQ308,"") | AD27: =IF($AD$3="Hourly Profile",BQ339,"") | AE27: =IF($AD$3="Hourly Profile",BQ370,"") | AK27: 13 | BQ27: =IFERROR(AVERAGE(AL27:BP27),"")
C28: Annual average losses | S28: 14 | T28: =IF($AD$3="Hourly Profile",BQ28,"") | U28: =IF($AD$3="Hourly Profile",BQ61,"") | V28: =IF($AD$3="Hourly Profile",BQ92,"") | W28: =IF($AD$3="Hourly Profile",BQ123,"") | X28: =IF($AD$3="Hourly Profile",BQ154,"") | Y28: =IF($AD$3="Hourly Profile",BQ185,"") | Z28: =IF($AD$3="Hourly Profile",BQ216,"") | AA28: =IF($AD$3="Hourly Profile",BQ247,"") | AB28: =IF($AD$3="Hourly Profile",BQ278,"") | AC28: =IF($AD$3="Hourly Profile",BQ309,"") | AD28: =IF($AD$3="Hourly Profile",BQ340,"") | AE28: =IF($AD$3="Hourly Profile",BQ371,"") | AK28: 14 | BQ28: =IFERROR(AVERAGE(AL28:BP28),"")
C29: Internal wake losses | D29: =AVERAGE(E49:E78) -> #DIV/0! | S29: 15 | T29: =IF($AD$3="Hourly Profile",BQ29,"") | U29: =IF($AD$3="Hourly Profile",BQ62,"") | V29: =IF($AD$3="Hourly Profile",BQ93,"") | W29: =IF($AD$3="Hourly Profile",BQ124,"") | X29: =IF($AD$3="Hourly Profile",BQ155,"") | Y29: =IF($AD$3="Hourly Profile",BQ186,"") | Z29: =IF($AD$3="Hourly Profile",BQ217,"") | AA29: =IF($AD$3="Hourly Profile",BQ248,"") | AB29: =IF($AD$3="Hourly Profile",BQ279,"") | AC29: =IF($AD$3="Hourly Profile",BQ310,"") | AD29: =IF($AD$3="Hourly Profile",BQ341,"") | AE29: =IF($AD$3="Hourly Profile",BQ372,"") | AK29: 15 | BQ29: =IFERROR(AVERAGE(AL29:BP29),"")
C30: External wake losses | D30: =AVERAGE(F49:F78) -> #DIV/0! | S30: 16 | T30: =IF($AD$3="Hourly Profile",BQ30,"") | U30: =IF($AD$3="Hourly Profile",BQ63,"") | V30: =IF($AD$3="Hourly Profile",BQ94,"") | W30: =IF($AD$3="Hourly Profile",BQ125,"") | X30: =IF($AD$3="Hourly Profile",BQ156,"") | Y30: =IF($AD$3="Hourly Profile",BQ187,"") | Z30: =IF($AD$3="Hourly Profile",BQ218,"") | AA30: =IF($AD$3="Hourly Profile",BQ249,"") | AB30: =IF($AD$3="Hourly Profile",BQ280,"") | AC30: =IF($AD$3="Hourly Profile",BQ311,"") | AD30: =IF($AD$3="Hourly Profile",BQ342,"") | AE30: =IF($AD$3="Hourly Profile",BQ373,"") | AK30: 16 | BQ30: =IFERROR(AVERAGE(AL30:BP30),"")
C31: Suboptimal performance losses | D31: =AVERAGE(G49:G78) -> #DIV/0! | S31: 17 | T31: =IF($AD$3="Hourly Profile",BQ31,"") | U31: =IF($AD$3="Hourly Profile",BQ64,"") | V31: =IF($AD$3="Hourly Profile",BQ95,"") | W31: =IF($AD$3="Hourly Profile",BQ126,"") | X31: =IF($AD$3="Hourly Profile",BQ157,"") | Y31: =IF($AD$3="Hourly Profile",BQ188,"") | Z31: =IF($AD$3="Hourly Profile",BQ219,"") | AA31: =IF($AD$3="Hourly Profile",BQ250,"") | AB31: =IF($AD$3="Hourly Profile",BQ281,"") | AC31: =IF($AD$3="Hourly Profile",BQ312,"") | AD31: =IF($AD$3="Hourly Profile",BQ343,"") | AE31: =IF($AD$3="Hourly Profile",BQ374,"") | AK31: 17 | BQ31: =IFERROR(AVERAGE(AL31:BP31),"")
C32: Environmental losses | D32: =AVERAGE(H49:H78) -> #DIV/0! | S32: 18 | T32: =IF($AD$3="Hourly Profile",BQ32,"") | U32: =IF($AD$3="Hourly Profile",BQ65,"") | V32: =IF($AD$3="Hourly Profile",BQ96,"") | W32: =IF($AD$3="Hourly Profile",BQ127,"") | X32: =IF($AD$3="Hourly Profile",BQ158,"") | Y32: =IF($AD$3="Hourly Profile",BQ189,"") | Z32: =IF($AD$3="Hourly Profile",BQ220,"") | AA32: =IF($AD$3="Hourly Profile",BQ251,"") | AB32: =IF($AD$3="Hourly Profile",BQ282,"") | AC32: =IF($AD$3="Hourly Profile",BQ313,"") | AD32: =IF($AD$3="Hourly Profile",BQ344,"") | AE32: =IF($AD$3="Hourly Profile",BQ375,"") | AK32: 18 | BQ32: =IFERROR(AVERAGE(AL32:BP32),"")
C33: Electrical losses to POI | D33: =AVERAGE(I49:I78) -> #DIV/0! | S33: 19 | T33: =IF($AD$3="Hourly Profile",BQ33,"") | U33: =IF($AD$3="Hourly Profile",BQ66,"") | V33: =IF($AD$3="Hourly Profile",BQ97,"") | W33: =IF($AD$3="Hourly Profile",BQ128,"") | X33: =IF($AD$3="Hourly Profile",BQ159,"") | Y33: =IF($AD$3="Hourly Profile",BQ190,"") | Z33: =IF($AD$3="Hourly Profile",BQ221,"") | AA33: =IF($AD$3="Hourly Profile",BQ252,"") | AB33: =IF($AD$3="Hourly Profile",BQ283,"") | AC33: =IF($AD$3="Hourly Profile",BQ314,"") | AD33: =IF($AD$3="Hourly Profile",BQ345,"") | AE33: =IF($AD$3="Hourly Profile",BQ376,"") | AK33: 19 | BQ33: =IFERROR(AVERAGE(AL33:BP33),"")
C34: Project downtime - planned | D34: =AVERAGE(K49:K78) -> #DIV/0! | S34: 20 | T34: =IF($AD$3="Hourly Profile",BQ34,"") | U34: =IF($AD$3="Hourly Profile",BQ67,"") | V34: =IF($AD$3="Hourly Profile",BQ98,"") | W34: =IF($AD$3="Hourly Profile",BQ129,"") | X34: =IF($AD$3="Hourly Profile",BQ160,"") | Y34: =IF($AD$3="Hourly Profile",BQ191,"") | Z34: =IF($AD$3="Hourly Profile",BQ222,"") | AA34: =IF($AD$3="Hourly Profile",BQ253,"") | AB34: =IF($AD$3="Hourly Profile",BQ284,"") | AC34: =IF($AD$3="Hourly Profile",BQ315,"") | AD34: =IF($AD$3="Hourly Profile",BQ346,"") | AE34: =IF($AD$3="Hourly Profile",BQ377,"") | AK34: 20 | BQ34: =IFERROR(AVERAGE(AL34:BP34),"")
C35: Turbine downtime - unplanned | D35: =AVERAGE(L49:L78) -> 1 | S35: 21 | T35: =IF($AD$3="Hourly Profile",BQ35,"") | U35: =IF($AD$3="Hourly Profile",BQ68,"") | V35: =IF($AD$3="Hourly Profile",BQ99,"") | W35: =IF($AD$3="Hourly Profile",BQ130,"") | X35: =IF($AD$3="Hourly Profile",BQ161,"") | Y35: =IF($AD$3="Hourly Profile",BQ192,"") | Z35: =IF($AD$3="Hourly Profile",BQ223,"") | AA35: =IF($AD$3="Hourly Profile",BQ254,"") | AB35: =IF($AD$3="Hourly Profile",BQ285,"") | AC35: =IF($AD$3="Hourly Profile",BQ316,"") | AD35: =IF($AD$3="Hourly Profile",BQ347,"") | AE35: =IF($AD$3="Hourly Profile",BQ378,"") | AK35: 21 | BQ35: =IFERROR(AVERAGE(AL35:BP35),"")
C36: Balance of plant downtime - unplanned | D36: =AVERAGE(M49:M78) -> 1 | S36: 22 | T36: =IF($AD$3="Hourly Profile",BQ36,"") | U36: =IF($AD$3="Hourly Profile",BQ69,"") | V36: =IF($AD$3="Hourly Profile",BQ100,"") | W36: =IF($AD$3="Hourly Profile",BQ131,"") | X36: =IF($AD$3="Hourly Profile",BQ162,"") | Y36: =IF($AD$3="Hourly Profile",BQ193,"") | Z36: =IF($AD$3="Hourly Profile",BQ224,"") | AA36: =IF($AD$3="Hourly Profile",BQ255,"") | AB36: =IF($AD$3="Hourly Profile",BQ286,"") | AC36: =IF($AD$3="Hourly Profile",BQ317,"") | AD36: =IF($AD$3="Hourly Profile",BQ348,"") | AE36: =IF($AD$3="Hourly Profile",BQ379,"") | AK36: 22 | BQ36: =IFERROR(AVERAGE(AL36:BP36),"")
S37: 23 | T37: =IF($AD$3="Hourly Profile",BQ37,"") | U37: =IF($AD$3="Hourly Profile",BQ70,"") | V37: =IF($AD$3="Hourly Profile",BQ101,"") | W37: =IF($AD$3="Hourly Profile",BQ132,"") | X37: =IF($AD$3="Hourly Profile",BQ163,"") | Y37: =IF($AD$3="Hourly Profile",BQ194,"") | Z37: =IF($AD$3="Hourly Profile",BQ225,"") | AA37: =IF($AD$3="Hourly Profile",BQ256,"") | AB37: =IF($AD$3="Hourly Profile",BQ287,"") | AC37: =IF($AD$3="Hourly Profile",BQ318,"") | AD37: =IF($AD$3="Hourly Profile",BQ349,"") | AE37: =IF($AD$3="Hourly Profile",BQ380,"") | AK37: 23 | BQ37: =IFERROR(AVERAGE(AL37:BP37),"")
C38: P50 Net energy (annual 30-year average) | D38: =AVERAGE(N49:N78) -> #DIV/0! | E38: MWh/year | S38: 24 | T38: =IF($AD$3="Hourly Profile",BQ38,"") | U38: =IF($AD$3="Hourly Profile",BQ71,"") | V38: =IF($AD$3="Hourly Profile",BQ102,"") | W38: =IF($AD$3="Hourly Profile",BQ133,"") | X38: =IF($AD$3="Hourly Profile",BQ164,"") | Y38: =IF($AD$3="Hourly Profile",BQ195,"") | Z38: =IF($AD$3="Hourly Profile",BQ226,"") | AA38: =IF($AD$3="Hourly Profile",BQ257,"") | AB38: =IF($AD$3="Hourly Profile",BQ288,"") | AC38: =IF($AD$3="Hourly Profile",BQ319,"") | AD38: =IF($AD$3="Hourly Profile",BQ350,"") | AE38: =IF($AD$3="Hourly Profile",BQ381,"") | AK38: 24 | BQ38: =IFERROR(AVERAGE(AL38:BP38),"")
C39: P50 Net capacity factor | D39: =D38/(8.76*D19*D20) -> #DIV/0!
C41: 1-year P99 Net energy | E41: GWh/year
C42: 1-year P99 Net capacity factor
R44: ='Part I-Instuctions'!B3 -> Duke OSW ARFI Submission Uptake Form_UPDATED 04.17.2025 | AJ44: FEBRUARY
C45: Column ID | D45: (i) | E45: (ii) | F45: (iii) | G45: (iv) | H45: (v) | I45: (vi) | J45: (vii) | K45: (viii) | L45: (ix) | M45: (x) | N45: (xi) | R45: Part VI (b)
D46: Gross annual energy (MWh) | E46: Internal wake loss (%) | F46: External wake loss (%) | G46: Suboptimal performance loss (%) | H46: Environmental loss (%) | I46: Electrical losses (%) | J46: Gross Annual Energy minus (i)-(vi) losses (MWh) | K46: Project downtime - planned (%) | L46: Turbine downtime - unplanned (%) | M46: Balance of plant downtime - unplanned (%) | N46: Net annual energy (MWh) | R46: Operational Information - PLANNED Maintenance Profile | AK46: HE | AL46: 1 | AM46: 2 | AN46: 3 | AO46: 4 | AP46: 5 | AQ46: 6 | AR46: 7 | AS46: 8 | AT46: 9 | AU46: 10 | AV46: 11 | AW46: 12 | AX46: 13 | AY46: 14 | AZ46: 15 | BA46: 16 | BB46: 17 | BC46: 18 | BD46: 19 | BE46: 20 | BF46: 21 | BG46: 22 | BH46: 23 | BI46: 24 | BJ46: 25 | BK46: 26 | BL46: 27 | BM46: 28 | BN46: =IF(AR10/4=ROUND(AR10/4,0),29,"") -> 29 | BQ46: Month
C47: P50 Annual Estimates | R47: Monthly Adjustment Factors as Percentage of Expected Production | BQ47: Avg
C48: Year | AK48: 1 | BQ48: =IFERROR(AVERAGE(AL48:BN48),"")
C49: 1 | J49: =D49*((1-E49)*(1-F49)*(1-G49)*(1-H49)*(1-I49)) -> 0 | K49: =1-(AVERAGE(T60:AE60)) -> #DIV/0! | L49: =1-(T102*V102) -> 1 | M49: =1-(U102*W102) -> 1 | N49: =J49*((1-K49)*(1-L49)*(1-M49)) -> #DIV/0! | S49: Table VI(b) and VI(c) request information related to the maintenance requirements of the Project. There are two tables. The first, VI (b), requests the maintenance profile for PLANNED activities associated with both the turbines and all balance of plant. This would include all pre-scheduled maintence, inspections, tests, component and consumables replacement. VI( c) (below) requests the annual expectations for UNPLANNED activities for both the turbines and all balance of plant. The downtime estimates year to year are expected to be derived based on the experience of the developer and experience with the proposed technology. | AK49: 2 | BQ49: =IFERROR(AVERAGE(AL49:BN49),"")
C50: =C49+1 -> 2 | J50: =D50*((1-E50)*(1-F50)*(1-G50)*(1-H50)*(1-I50)) -> 0 | K50: =1-(AVERAGE(T61:AE61)) -> #DIV/0! | L50: =1-(T103*V103) -> 1 | M50: =1-(U103*W103) -> 1 | N50: =J50*((1-K50)*(1-L50)*(1-M50)) -> #DIV/0! | AK50: 3 | BQ50: =IFERROR(AVERAGE(AL50:BN50),"")
C51: =C50+1 -> 3 | J51: =D51*((1-E51)*(1-F51)*(1-G51)*(1-H51)*(1-I51)) -> 0 | K51: =1-(AVERAGE(T62:AE62)) -> #DIV/0! | L51: =1-(T104*V104) -> 1 | M51: =1-(U104*W104) -> 1 | N51: =J51*((1-K51)*(1-L51)*(1-M51)) -> #DIV/0! | AK51: 4 | BQ51: =IFERROR(AVERAGE(AL51:BN51),"")
C52: =C51+1 -> 4 | J52: =D52*((1-E52)*(1-F52)*(1-G52)*(1-H52)*(1-I52)) -> 0 | K52: =1-(AVERAGE(T63:AE63)) -> #DIV/0! | L52: =1-(T105*V105) -> 1 | M52: =1-(U105*W105) -> 1 | N52: =J52*((1-K52)*(1-L52)*(1-M52)) -> #DIV/0! | AK52: 5 | BQ52: =IFERROR(AVERAGE(AL52:BN52),"")
C53: =C52+1 -> 5 | J53: =D53*((1-E53)*(1-F53)*(1-G53)*(1-H53)*(1-I53)) -> 0 | K53: =1-(AVERAGE(T64:AE64)) -> #DIV/0! | L53: =1-(T106*V106) -> 1 | M53: =1-(U106*W106) -> 1 | N53: =J53*((1-K53)*(1-L53)*(1-M53)) -> #DIV/0! | AK53: 6 | BQ53: =IFERROR(AVERAGE(AL53:BN53),"")
C54: =C53+1 -> 6 | J54: =D54*((1-E54)*(1-F54)*(1-G54)*(1-H54)*(1-I54)) -> 0 | K54: =1-(AVERAGE(T65:AE65)) -> #DIV/0! | L54: =1-(T107*V107) -> 1 | M54: =1-(U107*W107) -> 1 | N54: =J54*((1-K54)*(1-L54)*(1-M54)) -> #DIV/0! | AK54: 7 | BQ54: =IFERROR(AVERAGE(AL54:BN54),"")
C55: =C54+1 -> 7 | J55: =D55*((1-E55)*(1-F55)*(1-G55)*(1-H55)*(1-I55)) -> 0 | K55: =1-(AVERAGE(T66:AE66)) -> #DIV/0! | L55: =1-(T108*V108) -> 1 | M55: =1-(U108*W108) -> 1 | N55: =J55*((1-K55)*(1-L55)*(1-M55)) -> #DIV/0! | AK55: 8 | BQ55: =IFERROR(AVERAGE(AL55:BN55),"")
C56: =C55+1 -> 8 | J56: =D56*((1-E56)*(1-F56)*(1-G56)*(1-H56)*(1-I56)) -> 0 | K56: =1-(AVERAGE(T67:AE67)) -> #DIV/0! | L56: =1-(T109*V109) -> 1 | M56: =1-(U109*W109) -> 1 | N56: =J56*((1-K56)*(1-L56)*(1-M56)) -> #DIV/0! | AK56: 9 | BQ56: =IFERROR(AVERAGE(AL56:BN56),"")
C57: =C56+1 -> 9 | J57: =D57*((1-E57)*(1-F57)*(1-G57)*(1-H57)*(1-I57)) -> 0 | K57: =1-(AVERAGE(T68:AE68)) -> #DIV/0! | L57: =1-(T110*V110) -> 1 | M57: =1-(U110*W110) -> 1 | N57: =J57*((1-K57)*(1-L57)*(1-M57)) -> #DIV/0! | AK57: 10 | BQ57: =IFERROR(AVERAGE(AL57:BN57),"")
C58: =C57+1 -> 10 | J58: =D58*((1-E58)*(1-F58)*(1-G58)*(1-H58)*(1-I58)) -> 0 | K58: =1-(AVERAGE(T69:AE69)) -> #DIV/0! | L58: =1-(T111*V111) -> 1 | M58: =1-(U111*W111) -> 1 | N58: =J58*((1-K58)*(1-L58)*(1-M58)) -> #DIV/0! | S58: Note: Enter factors in decimal format, where 1 equals no adjustment (i.e. a decrease of 2% should be entered as 0.98) | AK58: 11 | BQ58: =IFERROR(AVERAGE(AL58:BN58),"")
C59: =C58+1 -> 11 | J59: =D59*((1-E59)*(1-F59)*(1-G59)*(1-H59)*(1-I59)) -> 0 | K59: =1-(AVERAGE(T70:AE70)) -> #DIV/0! | L59: =1-(T112*V112) -> 1 | M59: =1-(U112*W112) -> 1 | N59: =J59*((1-K59)*(1-L59)*(1-M59)) -> #DIV/0! | S59: Year | T59: Jan | U59: Feb | V59: Mar | W59: Apr | X59: May | Y59: Jun | Z59: Jul | AA59: Aug | AB59: Sep | AC59: Oct | AD59: Nov | AE59: Dec | AK59: 12 | BQ59: =IFERROR(AVERAGE(AL59:BN59),"")
C60: =C59+1 -> 12 | J60: =D60*((1-E60)*(1-F60)*(1-G60)*(1-H60)*(1-I60)) -> 0 | K60: =1-(AVERAGE(T71:AE71)) -> #DIV/0! | L60: =1-(T113*V113) -> 1 | M60: =1-(U113*W113) -> 1 | N60: =J60*((1-K60)*(1-L60)*(1-M60)) -> #DIV/0! | S60: 1 | AK60: 13 | BQ60: =IFERROR(AVERAGE(AL60:BN60),"")
C61: =C60+1 -> 13 | J61: =D61*((1-E61)*(1-F61)*(1-G61)*(1-H61)*(1-I61)) -> 0 | K61: =1-(AVERAGE(T72:AE72)) -> #DIV/0! | L61: =1-(T114*V114) -> 1 | M61: =1-(U114*W114) -> 1 | N61: =J61*((1-K61)*(1-L61)*(1-M61)) -> #DIV/0! | S61: =S60+1 -> 2 | AK61: 14 | BQ61: =IFERROR(AVERAGE(AL61:BN61),"")
C62: =C61+1 -> 14 | J62: =D62*((1-E62)*(1-F62)*(1-G62)*(1-H62)*(1-I62)) -> 0 | K62: =1-(AVERAGE(T73:AE73)) -> #DIV/0! | L62: =1-(T115*V115) -> 1 | M62: =1-(U115*W115) -> 1 | N62: =J62*((1-K62)*(1-L62)*(1-M62)) -> #DIV/0! | S62: =S61+1 -> 3 | AK62: 15 | BQ62: =IFERROR(AVERAGE(AL62:BN62),"")
C63: =C62+1 -> 15 | J63: =D63*((1-E63)*(1-F63)*(1-G63)*(1-H63)*(1-I63)) -> 0 | K63: =1-(AVERAGE(T74:AE74)) -> #DIV/0! | L63: =1-(T116*V116) -> 1 | M63: =1-(U116*W116) -> 1 | N63: =J63*((1-K63)*(1-L63)*(1-M63)) -> #DIV/0! | S63: =S62+1 -> 4 | AK63: 16 | BQ63: =IFERROR(AVERAGE(AL63:BN63),"")
C64: =C63+1 -> 16 | J64: =D64*((1-E64)*(1-F64)*(1-G64)*(1-H64)*(1-I64)) -> 0 | K64: =1-(AVERAGE(T75:AE75)) -> #DIV/0! | L64: =1-(T117*V117) -> 1 | M64: =1-(U117*W117) -> 1 | N64: =J64*((1-K64)*(1-L64)*(1-M64)) -> #DIV/0! | S64: =S63+1 -> 5 | AK64: 17 | BQ64: =IFERROR(AVERAGE(AL64:BN64),"")
C65: =C64+1 -> 17 | J65: =D65*((1-E65)*(1-F65)*(1-G65)*(1-H65)*(1-I65)) -> 0 | K65: =1-(AVERAGE(T76:AE76)) -> #DIV/0! | L65: =1-(T118*V118) -> 1 | M65: =1-(U118*W118) -> 1 | N65: =J65*((1-K65)*(1-L65)*(1-M65)) -> #DIV/0! | S65: =S64+1 -> 6 | AK65: 18 | BQ65: =IFERROR(AVERAGE(AL65:BN65),"")
C66: =C65+1 -> 18 | J66: =D66*((1-E66)*(1-F66)*(1-G66)*(1-H66)*(1-I66)) -> 0 | K66: =1-(AVERAGE(T77:AE77)) -> #DIV/0! | L66: =1-(T119*V119) -> 1 | M66: =1-(U119*W119) -> 1 | N66: =J66*((1-K66)*(1-L66)*(1-M66)) -> #DIV/0! | S66: =S65+1 -> 7 | AK66: 19 | BQ66: =IFERROR(AVERAGE(AL66:BN66),"")
C67: =C66+1 -> 19 | J67: =D67*((1-E67)*(1-F67)*(1-G67)*(1-H67)*(1-I67)) -> 0 | K67: =1-(AVERAGE(T78:AE78)) -> #DIV/0! | L67: =1-(T120*V120) -> 1 | M67: =1-(U120*W120) -> 1 | N67: =J67*((1-K67)*(1-L67)*(1-M67)) -> #DIV/0! | S67: =S66+1 -> 8 | AK67: 20 | BQ67: =IFERROR(AVERAGE(AL67:BN67),"")
C68: =C67+1 -> 20 | J68: =D68*((1-E68)*(1-F68)*(1-G68)*(1-H68)*(1-I68)) -> 0 | K68: =1-(AVERAGE(T79:AE79)) -> #DIV/0! | L68: =1-(T121*V121) -> 1 | M68: =1-(U121*W121) -> 1 | N68: =J68*((1-K68)*(1-L68)*(1-M68)) -> #DIV/0! | S68: =S67+1 -> 9 | AK68: 21 | BQ68: =IFERROR(AVERAGE(AL68:BN68),"")
C69: =C68+1 -> 21 | J69: =D69*((1-E69)*(1-F69)*(1-G69)*(1-H69)*(1-I69)) -> 0 | K69: =1-(AVERAGE(T80:AE80)) -> #DIV/0! | L69: =1-(T122*V122) -> 1 | M69: =1-(U122*W122) -> 1 | N69: =J69*((1-K69)*(1-L69)*(1-M69)) -> #DIV/0! | S69: =S68+1 -> 10 | AK69: 22 | BQ69: =IFERROR(AVERAGE(AL69:BN69),"")
C70: =C69+1 -> 22 | J70: =D70*((1-E70)*(1-F70)*(1-G70)*(1-H70)*(1-I70)) -> 0 | K70: =1-(AVERAGE(T81:AE81)) -> #DIV/0! | L70: =1-(T123*V123) -> 1 | M70: =1-(U123*W123) -> 1 | N70: =J70*((1-K70)*(1-L70)*(1-M70)) -> #DIV/0! | S70: =S69+1 -> 11 | AK70: 23 | BQ70: =IFERROR(AVERAGE(AL70:BN70),"")
C71: =C70+1 -> 23 | J71: =D71*((1-E71)*(1-F71)*(1-G71)*(1-H71)*(1-I71)) -> 0 | K71: =1-(AVERAGE(T82:AE82)) -> #DIV/0! | L71: =1-(T124*V124) -> 1 | M71: =1-(U124*W124) -> 1 | N71: =J71*((1-K71)*(1-L71)*(1-M71)) -> #DIV/0! | S71: =S70+1 -> 12 | AK71: 24 | BQ71: =IFERROR(AVERAGE(AL71:BN71),"")
C72: =C71+1 -> 24 | J72: =D72*((1-E72)*(1-F72)*(1-G72)*(1-H72)*(1-I72)) -> 0 | K72: =1-(AVERAGE(T83:AE83)) -> #DIV/0! | L72: =1-(T125*V125) -> 1 | M72: =1-(U125*W125) -> 1 | N72: =J72*((1-K72)*(1-L72)*(1-M72)) -> #DIV/0! | S72: =S71+1 -> 13
C73: =C72+1 -> 25 | J73: =D73*((1-E73)*(1-F73)*(1-G73)*(1-H73)*(1-I73)) -> 0 | K73: =1-(AVERAGE(T84:AE84)) -> #DIV/0! | L73: =1-(T126*V126) -> 1 | M73: =1-(U126*W126) -> 1 | N73: =J73*((1-K73)*(1-L73)*(1-M73)) -> #DIV/0! | S73: =S72+1 -> 14
C74: =C73+1 -> 26 | J74: =D74*((1-E74)*(1-F74)*(1-G74)*(1-H74)*(1-I74)) -> 0 | K74: =1-(AVERAGE(T85:AE85)) -> #DIV/0! | L74: =1-(T127*V127) -> 1 | M74: =1-(U127*W127) -> 1 | N74: =J74*((1-K74)*(1-L74)*(1-M74)) -> #DIV/0! | S74: =S73+1 -> 15
C75: =C74+1 -> 27 | J75: =D75*((1-E75)*(1-F75)*(1-G75)*(1-H75)*(1-I75)) -> 0 | K75: =1-(AVERAGE(T86:AE86)) -> #DIV/0! | L75: =1-(T128*V128) -> 1 | M75: =1-(U128*W128) -> 1 | N75: =J75*((1-K75)*(1-L75)*(1-M75)) -> #DIV/0! | S75: =S74+1 -> 16 | AJ75: MARCH
C76: =C75+1 -> 28 | J76: =D76*((1-E76)*(1-F76)*(1-G76)*(1-H76)*(1-I76)) -> 0 | K76: =1-(AVERAGE(T87:AE87)) -> #DIV/0! | L76: =1-(T129*V129) -> 1 | M76: =1-(U129*W129) -> 1 | N76: =J76*((1-K76)*(1-L76)*(1-M76)) -> #DIV/0! | S76: =S75+1 -> 17
C77: =C76+1 -> 29 | J77: =D77*((1-E77)*(1-F77)*(1-G77)*(1-H77)*(1-I77)) -> 0 | K77: =1-(AVERAGE(T88:AE88)) -> #DIV/0! | L77: =1-(T130*V130) -> 1 | M77: =1-(U130*W130) -> 1 | N77: =J77*((1-K77)*(1-L77)*(1-M77)) -> #DIV/0! | S77: =S76+1 -> 18 | AK77: HE | AL77: 1 | AM77: 2 | AN77: 3 | AO77: 4 | AP77: 5 | AQ77: 6 | AR77: 7 | AS77: 8 | AT77: 9 | AU77: 10 | AV77: 11 | AW77: 12 | AX77: 13 | AY77: 14 | AZ77: 15 | BA77: 16 | BB77: 17 | BC77: 18 | BD77: 19 | BE77: 20 | BF77: 21 | BG77: 22 | BH77: 23 | BI77: 24 | BJ77: 25 | BK77: 26 | BL77: 27 | BM77: 28 | BN77: 29 | BO77: 30 | BP77: 31 | BQ77: Month
C78: =C77+1 -> 30 | J78: =D78*((1-E78)*(1-F78)*(1-G78)*(1-H78)*(1-I78)) -> 0 | K78: =1-(AVERAGE(T89:AE89)) -> #DIV/0! | L78: =1-(T131*V131) -> 1 | M78: =1-(U131*W131) -> 1 | N78: =J78*((1-K78)*(1-L78)*(1-M78)) -> #DIV/0! | S78: =S77+1 -> 19 | BQ78: Avg
S79: =S78+1 -> 20 | AK79: 1 | BQ79: =IFERROR(AVERAGE(AL79:BP79),"")
S80: =S79+1 -> 21 | AK80: 2 | BQ80: =IFERROR(AVERAGE(AL80:BP80),"")
S81: =S80+1 -> 22 | AK81: 3 | BQ81: =IFERROR(AVERAGE(AL81:BP81),"")
S82: =S81+1 -> 23 | AK82: 4 | BQ82: =IFERROR(AVERAGE(AL82:BP82),"")
S83: =S82+1 -> 24 | AH83: =IF(AG89<S89*12,"Table is Incomplete. Information may be Required. <<< ","OK") -> Table is Incomplete. Information may be Required. <<< | AK83: 5 | BQ83: =IFERROR(AVERAGE(AL83:BP83),"")
S84: =S83+1 -> 25 | AK84: 6 | BQ84: =IFERROR(AVERAGE(AL84:BP84),"")
A85: Continued Right >>>> | S85: =S84+1 -> 26 | AK85: 7 | BQ85: =IFERROR(AVERAGE(AL85:BP85),"")
S86: =S85+1 -> 27 | AK86: 8 | BQ86: =IFERROR(AVERAGE(AL86:BP86),"")
S87: =S86+1 -> 28 | AK87: 9 | BQ87: =IFERROR(AVERAGE(AL87:BP87),"")
S88: =S87+1 -> 29 | AK88: 10 | BQ88: =IFERROR(AVERAGE(AL88:BP88),"")
S89: =S88+1 -> 30 | AG89: =COUNT(T60:AE89) -> 0 | AK89: 11 | BQ89: =IFERROR(AVERAGE(AL89:BP89),"")
AK90: 12 | BQ90: =IFERROR(AVERAGE(AL90:BP90),"")
AK91: 13 | BQ91: =IFERROR(AVERAGE(AL91:BP91),"")
AK92: 14 | BQ92: =IFERROR(AVERAGE(AL92:BP92),"")
R93: ='Part I-Instuctions'!B3 -> Duke OSW ARFI Submission Uptake Form_UPDATED 04.17.2025 | AK93: 15 | BQ93: =IFERROR(AVERAGE(AL93:BP93),"")
R94: Part VI (c) | AK94: 16 | BQ94: =IFERROR(AVERAGE(AL94:BP94),"")
R95: UNPLANNED Maintenance - Production Adjustment Assumptions | AK95: 17 | BQ95: =IFERROR(AVERAGE(AL95:BP95),"")
AK96: 18 | BQ96: =IFERROR(AVERAGE(AL96:BP96),"")
AK97: 19 | BQ97: =IFERROR(AVERAGE(AL97:BP97),"")
S98: Note: Enter factors in decimal format, where 1 equals no adjustment (i.e. a decrease of 2% should be entered as 0.98) | AK98: 20 | BQ98: =IFERROR(AVERAGE(AL98:BP98),"")
AK99: 21 | BQ99: =IFERROR(AVERAGE(AL99:BP99),"")
S100: Year | T100: Turbine ramp up downtime | U100: Balance of plant ramp up downtime | V100: Turbine downtime - all other | W100: Balance of plant downtime - all other | AK100: 22 | BQ100: =IFERROR(AVERAGE(AL100:BP100),"")
S101: Year | AK101: 23 | BQ101: =IFERROR(AVERAGE(AL101:BP101),"")
S102: 1 | AK102: 24 | BQ102: =IFERROR(AVERAGE(AL102:BP102),"")
S103: 2
S104: 3
S105: 4
...

Sheet Part VI - Prod Data (Phase 2)
B3: ='Part I-Instuctions'!B3 -> Duke OSW ARFI Submission Uptake Form_UPDATED 04.17.2025 | R3: ='Part I-Instuctions'!B3 -> Duke OSW ARFI Submission Uptake Form_UPDATED 04.17.2025 | AD3: Hourly Profile | AJ3: ='Part I-Instuctions'!B3 -> Duke OSW ARFI Submission Uptake Form_UPDATED 04.17.2025
B4: Part VI | R4: Part VI (a) | AJ4: Part VI (a) (i)
B5: Prodution Data | R5: Operational Information - Production Data of Offshore Wind Project | AJ5: Representative Deliveries in Representative Year
R6: Hourly Delivery in MW (Averaged) - 12 Months by 24 Hours For Representative Day For Each Month | AK6: Enter data for a single year representative of the Project's 30-year average production
AL7: Projects must provide 8,760 hourly energy production data. From the hourly energy production data, the 30-year average in MW, inclusive of wake losses, suboptimal performance, environmental losses and electrical losses will be calculated automatically and will populate Part VI(a). For the avoidance of doubt, hourly production values should represent energy delivered to the POI assuming 100% turbine and balance of plant availability.
S8: You must insert an Hourly Profile, do so to the right by completing VI(a)(i). Table Part VI (a) below will be populated automatically from your data entered in Part V(a)(i), creating the project's 12 x 24 annual energy production inclusive of wake losses, suboptimal performance, environmental losses, and electrical losses. Downtime associated with O&M including planned or unplanned maintenance is not included and will be covered by Part VI (b) and Part VI (c) below.
C10: Legend | AL10: Check: | AM10: =IF($BR$14=8760,"OK","8,760 Hourly Values Missing") -> 8,760 Hourly Values Missing
D11: Grey cell is automatically calculated | AI11: =IF(AG14<(12*24),"Table VI(a) is incomplete, please enter all hourly profiles in VI (a) (i) >>>","OK") -> Table VI(a) is incomplete, please enter all hourly profiles in VI (a) (i) >>> | AJ11: JANUARY
D12: White cell is to be updated by the WEA Leaseholder
C13: =AVERAGE(J49:J78)-(SUM(AL15:BP38)+SUM(AL48:BN71)+SUM(AL79:BP102)+SUM(AL110:BO133)+SUM(AL141:BP164)+SUM(AL172:BO195)+SUM(AL203:BP226)+SUM(AL234:BP257)+SUM(AL265:BO288)+SUM(AL296:BP319)+SUM(AL327:BO350)+SUM(AL358:BP381)) -> 0 | D13: If sheet is filled out correctly, value to the immediate left should be zero | AK13: HE | AL13: 1 | AM13: 2 | AN13: 3 | AO13: 4 | AP13: 5 | AQ13: 6 | AR13: 7 | AS13: 8 | AT13: 9 | AU13: 10 | AV13: 11 | AW13: 12 | AX13: 13 | AY13: 14 | AZ13: 15 | BA13: 16 | BB13: 17 | BC13: 18 | BD13: 19 | BE13: 20 | BF13: 21 | BG13: 22 | BH13: 23 | BI13: 24 | BJ13: 25 | BK13: 26 | BL13: 27 | BM13: 28 | BN13: 29 | BO13: 30 | BP13: 31 | BQ13: Month
D14: Pre-populated | S14: HE | T14: Jan | U14: Feb | V14: Mar | W14: Apr | X14: May | Y14: Jun | Z14: Jul | AA14: Aug | AB14: Sep | AC14: Oct | AD14: Nov | AE14: Dec | AG14: =COUNT(T15:AE38) -> 0 | BQ14: Avg | BR14: =COUNT(AL15:BP38,AL48:BN71,AL79:BP102,AL110:BO133,AL141:BP164,AL172:BO195,AL203:BP226,AL234:BP257,AL265:BO288,AL296:BP319,AL327:BO350,AL358:BP381) -> 0
S15: 1 | T15: =IF($AD$3="Hourly Profile",BQ15,"") | U15: =IF($AD$3="Hourly Profile",BQ48,"") | V15: =IF($AD$3="Hourly Profile",BQ79,"") | W15: =IF($AD$3="Hourly Profile",BQ110,"") | X15: =IF($AD$3="Hourly Profile",BQ141,"") | Y15: =IF($AD$3="Hourly Profile",BQ172,"") | Z15: =IF($AD$3="Hourly Profile",BQ203,"") | AA15: =IF($AD$3="Hourly Profile",BQ234,"") | AB15: =IF($AD$3="Hourly Profile",BQ265,"") | AC15: =IF($AD$3="Hourly Profile",BQ296,"") | AD15: =IF($AD$3="Hourly Profile",BQ327,"") | AE15: =IF($AD$3="Hourly Profile",BQ358,"") | AK15: 1 | BQ15: =IFERROR(AVERAGE(AL15:BP15),"")
C16: Complete the fields below | S16: 2 | T16: =IF($AD$3="Hourly Profile",BQ16,"") | U16: =IF($AD$3="Hourly Profile",BQ49,"") | V16: =IF($AD$3="Hourly Profile",BQ80,"") | W16: =IF($AD$3="Hourly Profile",BQ111,"") | X16: =IF($AD$3="Hourly Profile",BQ142,"") | Y16: =IF($AD$3="Hourly Profile",BQ173,"") | Z16: =IF($AD$3="Hourly Profile",BQ204,"") | AA16: =IF($AD$3="Hourly Profile",BQ235,"") | AB16: =IF($AD$3="Hourly Profile",BQ266,"") | AC16: =IF($AD$3="Hourly Profile",BQ297,"") | AD16: =IF($AD$3="Hourly Profile",BQ328,"") | AE16: =IF($AD$3="Hourly Profile",BQ359,"") | AK16: 2 | BQ16: =IFERROR(AVERAGE(AL16:BP16),"")
C17: Eligible Facility Location | E17: Latitude | S17: 3 | T17: =IF($AD$3="Hourly Profile",BQ17,"") | U17: =IF($AD$3="Hourly Profile",BQ50,"") | V17: =IF($AD$3="Hourly Profile",BQ81,"") | W17: =IF($AD$3="Hourly Profile",BQ112,"") | X17: =IF($AD$3="Hourly Profile",BQ143,"") | Y17: =IF($AD$3="Hourly Profile",BQ174,"") | Z17: =IF($AD$3="Hourly Profile",BQ205,"") | AA17: =IF($AD$3="Hourly Profile",BQ236,"") | AB17: =IF($AD$3="Hourly Profile",BQ267,"") | AC17: =IF($AD$3="Hourly Profile",BQ298,"") | AD17: =IF($AD$3="Hourly Profile",BQ329,"") | AE17: =IF($AD$3="Hourly Profile",BQ360,"") | AK17: 3 | BQ17: =IFERROR(AVERAGE(AL17:BP17),"")
E18: Longitude | S18: 4 | T18: =IF($AD$3="Hourly Profile",BQ18,"") | U18: =IF($AD$3="Hourly Profile",BQ51,"") | V18: =IF($AD$3="Hourly Profile",BQ82,"") | W18: =IF($AD$3="Hourly Profile",BQ113,"") | X18: =IF($AD$3="Hourly Profile",BQ144,"") | Y18: =IF($AD$3="Hourly Profile",BQ175,"") | Z18: =IF($AD$3="Hourly Profile",BQ206,"") | AA18: =IF($AD$3="Hourly Profile",BQ237,"") | AB18: =IF($AD$3="Hourly Profile",BQ268,"") | AC18: =IF($AD$3="Hourly Profile",BQ299,"") | AD18: =IF($AD$3="Hourly Profile",BQ330,"") | AE18: =IF($AD$3="Hourly Profile",BQ361,"") | AK18: 4 | BQ18: =IFERROR(AVERAGE(AL18:BP18),"")
C19: Turbine capacity | E19: MW | S19: 5 | T19: =IF($AD$3="Hourly Profile",BQ19,"") | U19: =IF($AD$3="Hourly Profile",BQ52,"") | V19: =IF($AD$3="Hourly Profile",BQ83,"") | W19: =IF($AD$3="Hourly Profile",BQ114,"") | X19: =IF($AD$3="Hourly Profile",BQ145,"") | Y19: =IF($AD$3="Hourly Profile",BQ176,"") | Z19: =IF($AD$3="Hourly Profile",BQ207,"") | AA19: =IF($AD$3="Hourly Profile",BQ238,"") | AB19: =IF($AD$3="Hourly Profile",BQ269,"") | AC19: =IF($AD$3="Hourly Profile",BQ300,"") | AD19: =IF($AD$3="Hourly Profile",BQ331,"") | AE19: =IF($AD$3="Hourly Profile",BQ362,"") | AG19: =IF(AND(AG18<288,AD3="12 Months by 24 Hours"),"<<< Full Matrix is Required Information","") | AK19: 5 | BQ19: =IFERROR(AVERAGE(AL19:BP19),"")
C20: Number of turbines | E20: # | S20: 6 | T20: =IF($AD$3="Hourly Profile",BQ20,"") | U20: =IF($AD$3="Hourly Profile",BQ53,"") | V20: =IF($AD$3="Hourly Profile",BQ84,"") | W20: =IF($AD$3="Hourly Profile",BQ115,"") | X20: =IF($AD$3="Hourly Profile",BQ146,"") | Y20: =IF($AD$3="Hourly Profile",BQ177,"") | Z20: =IF($AD$3="Hourly Profile",BQ208,"") | AA20: =IF($AD$3="Hourly Profile",BQ239,"") | AB20: =IF($AD$3="Hourly Profile",BQ270,"") | AC20: =IF($AD$3="Hourly Profile",BQ301,"") | AD20: =IF($AD$3="Hourly Profile",BQ332,"") | AE20: =IF($AD$3="Hourly Profile",BQ363,"") | AK20: 6 | BQ20: =IFERROR(AVERAGE(AL20:BP20),"")
C21: Hub height | E21: m | S21: 7 | T21: =IF($AD$3="Hourly Profile",BQ21,"") | U21: =IF($AD$3="Hourly Profile",BQ54,"") | V21: =IF($AD$3="Hourly Profile",BQ85,"") | W21: =IF($AD$3="Hourly Profile",BQ116,"") | X21: =IF($AD$3="Hourly Profile",BQ147,"") | Y21: =IF($AD$3="Hourly Profile",BQ178,"") | Z21: =IF($AD$3="Hourly Profile",BQ209,"") | AA21: =IF($AD$3="Hourly Profile",BQ240,"") | AB21: =IF($AD$3="Hourly Profile",BQ271,"") | AC21: =IF($AD$3="Hourly Profile",BQ302,"") | AD21: =IF($AD$3="Hourly Profile",BQ333,"") | AE21: =IF($AD$3="Hourly Profile",BQ364,"") | AK21: 7 | BQ21: =IFERROR(AVERAGE(AL21:BP21),"")
S22: 8 | T22: =IF($AD$3="Hourly Profile",BQ22,"") | U22: =IF($AD$3="Hourly Profile",BQ55,"") | V22: =IF($AD$3="Hourly Profile",BQ86,"") | W22: =IF($AD$3="Hourly Profile",BQ117,"") | X22: =IF($AD$3="Hourly Profile",BQ148,"") | Y22: =IF($AD$3="Hourly Profile",BQ179,"") | Z22: =IF($AD$3="Hourly Profile",BQ210,"") | AA22: =IF($AD$3="Hourly Profile",BQ241,"") | AB22: =IF($AD$3="Hourly Profile",BQ272,"") | AC22: =IF($AD$3="Hourly Profile",BQ303,"") | AD22: =IF($AD$3="Hourly Profile",BQ334,"") | AE22: =IF($AD$3="Hourly Profile",BQ365,"") | AK22: 8 | BQ22: =IFERROR(AVERAGE(AL22:BP22),"")
C23: Annual average wind speed at hub height across turbine locations | S23: 9 | T23: =IF($AD$3="Hourly Profile",BQ23,"") | U23: =IF($AD$3="Hourly Profile",BQ56,"") | V23: =IF($AD$3="Hourly Profile",BQ87,"") | W23: =IF($AD$3="Hourly Profile",BQ118,"") | X23: =IF($AD$3="Hourly Profile",BQ149,"") | Y23: =IF($AD$3="Hourly Profile",BQ180,"") | Z23: =IF($AD$3="Hourly Profile",BQ211,"") | AA23: =IF($AD$3="Hourly Profile",BQ242,"") | AB23: =IF($AD$3="Hourly Profile",BQ273,"") | AC23: =IF($AD$3="Hourly Profile",BQ304,"") | AD23: =IF($AD$3="Hourly Profile",BQ335,"") | AE23: =IF($AD$3="Hourly Profile",BQ366,"") | AK23: 9 | BQ23: =IFERROR(AVERAGE(AL23:BP23),"")
E24: m/s | S24: 10 | T24: =IF($AD$3="Hourly Profile",BQ24,"") | U24: =IF($AD$3="Hourly Profile",BQ57,"") | V24: =IF($AD$3="Hourly Profile",BQ88,"") | W24: =IF($AD$3="Hourly Profile",BQ119,"") | X24: =IF($AD$3="Hourly Profile",BQ150,"") | Y24: =IF($AD$3="Hourly Profile",BQ181,"") | Z24: =IF($AD$3="Hourly Profile",BQ212,"") | AA24: =IF($AD$3="Hourly Profile",BQ243,"") | AB24: =IF($AD$3="Hourly Profile",BQ274,"") | AC24: =IF($AD$3="Hourly Profile",BQ305,"") | AD24: =IF($AD$3="Hourly Profile",BQ336,"") | AE24: =IF($AD$3="Hourly Profile",BQ367,"") | AK24: 10 | BQ24: =IFERROR(AVERAGE(AL24:BP24),"")
S25: 11 | T25: =IF($AD$3="Hourly Profile",BQ25,"") | U25: =IF($AD$3="Hourly Profile",BQ58,"") | V25: =IF($AD$3="Hourly Profile",BQ89,"") | W25: =IF($AD$3="Hourly Profile",BQ120,"") | X25: =IF($AD$3="Hourly Profile",BQ151,"") | Y25: =IF($AD$3="Hourly Profile",BQ182,"") | Z25: =IF($AD$3="Hourly Profile",BQ213,"") | AA25: =IF($AD$3="Hourly Profile",BQ244,"") | AB25: =IF($AD$3="Hourly Profile",BQ275,"") | AC25: =IF($AD$3="Hourly Profile",BQ306,"") | AD25: =IF($AD$3="Hourly Profile",BQ337,"") | AE25: =IF($AD$3="Hourly Profile",BQ368,"") | AK25: 11 | BQ25: =IFERROR(AVERAGE(AL25:BP25),"")
C26: Gross energy (annual 30-year average) | D26: =AVERAGE(D49:D78) -> #DIV/0! | E26: MWh/year | S26: 12 | T26: =IF($AD$3="Hourly Profile",BQ26,"") | U26: =IF($AD$3="Hourly Profile",BQ59,"") | V26: =IF($AD$3="Hourly Profile",BQ90,"") | W26: =IF($AD$3="Hourly Profile",BQ121,"") | X26: =IF($AD$3="Hourly Profile",BQ152,"") | Y26: =IF($AD$3="Hourly Profile",BQ183,"") | Z26: =IF($AD$3="Hourly Profile",BQ214,"") | AA26: =IF($AD$3="Hourly Profile",BQ245,"") | AB26: =IF($AD$3="Hourly Profile",BQ276,"") | AC26: =IF($AD$3="Hourly Profile",BQ307,"") | AD26: =IF($AD$3="Hourly Profile",BQ338,"") | AE26: =IF($AD$3="Hourly Profile",BQ369,"") | AK26: 12 | BQ26: =IFERROR(AVERAGE(AL26:BP26),"")
S27: 13 | T27: =IF($AD$3="Hourly Profile",BQ27,"") | U27: =IF($AD$3="Hourly Profile",BQ60,"") | V27: =IF($AD$3="Hourly Profile",BQ91,"") | W27: =IF($AD$3="Hourly Profile",BQ122,"") | X27: =IF($AD$3="Hourly Profile",BQ153,"") | Y27: =IF($AD$3="Hourly Profile",BQ184,"") | Z27: =IF($AD$3="Hourly Profile",BQ215,"") | AA27: =IF($AD$3="Hourly Profile",BQ246,"") | AB27: =IF($AD$3="Hourly Profile",BQ277,"") | AC27: =IF($AD$3="Hourly Profile",BQ308,"") | AD27: =IF($AD$3="Hourly Profile",BQ339,"") | AE27: =IF($AD$3="Hourly Profile",BQ370,"") | AK27: 13 | BQ27: =IFERROR(AVERAGE(AL27:BP27),"")
C28: Annual average losses | S28: 14 | T28: =IF($AD$3="Hourly Profile",BQ28,"") | U28: =IF($AD$3="Hourly Profile",BQ61,"") | V28: =IF($AD$3="Hourly Profile",BQ92,"") | W28: =IF($AD$3="Hourly Profile",BQ123,"") | X28: =IF($AD$3="Hourly Profile",BQ154,"") | Y28: =IF($AD$3="Hourly Profile",BQ185,"") | Z28: =IF($AD$3="Hourly Profile",BQ216,"") | AA28: =IF($AD$3="Hourly Profile",BQ247,"") | AB28: =IF($AD$3="Hourly Profile",BQ278,"") | AC28: =IF($AD$3="Hourly Profile",BQ309,"") | AD28: =IF($AD$3="Hourly Profile",BQ340,"") | AE28: =IF($AD$3="Hourly Profile",BQ371,"") | AK28: 14 | BQ28: =IFERROR(AVERAGE(AL28:BP28),"")
C29: Internal wake losses | D29: =AVERAGE(E49:E78) -> #DIV/0! | S29: 15 | T29: =IF($AD$3="Hourly Profile",BQ29,"") | U29: =IF($AD$3="Hourly Profile",BQ62,"") | V29: =IF($AD$3="Hourly Profile",BQ93,"") | W29: =IF($AD$3="Hourly Profile",BQ124,"") | X29: =IF($AD$3="Hourly Profile",BQ155,"") | Y29: =IF($AD$3="Hourly Profile",BQ186,"") | Z29: =IF($AD$3="Hourly Profile",BQ217,"") | AA29: =IF($AD$3="Hourly Profile",BQ248,"") | AB29: =IF($AD$3="Hourly Profile",BQ279,"") | AC29: =IF($AD$3="Hourly Profile",BQ310,"") | AD29: =IF($AD$3="Hourly Profile",BQ341,"") | AE29: =IF($AD$3="Hourly Profile",BQ372,"") | AK29: 15 | BQ29: =IFERROR(AVERAGE(AL29:BP29),"")
C30: External wake losses | D30: =AVERAGE(F49:F78) -> #DIV/0! | S30: 16 | T30: =IF($AD$3="Hourly Profile",BQ30,"") | U30: =IF($AD$3="Hourly Profile",BQ63,"") | V30: =IF($AD$3="Hourly Profile",BQ94,"") | W30: =IF($AD$3="Hourly Profile",BQ125,"") | X30: =IF($AD$3="Hourly Profile",BQ156,"") | Y30: =IF($AD$3="Hourly Profile",BQ187,"") | Z30: =IF($AD$3="Hourly Profile",BQ218,"") | AA30: =IF($AD$3="Hourly Profile",BQ249,"") | AB30: =IF($AD$3="Hourly Profile",BQ280,"") | AC30: =IF($AD$3="Hourly Profile",BQ311,"") | AD30: =IF($AD$3="Hourly Profile",BQ342,"") | AE30: =IF($AD$3="Hourly Profile",BQ373,"") | AK30: 16 | BQ30: =IFERROR(AVERAGE(AL30:BP30),"")
C31: Suboptimal performance losses | D31: =AVERAGE(G49:G78) -> #DIV/0! | S31: 17 | T31: =IF($AD$3="Hourly Profile",BQ31,"") | U31: =IF($AD$3="Hourly Profile",BQ64,"") | V31: =IF($AD$3="Hourly Profile",BQ95,"") | W31: =IF($AD$3="Hourly Profile",BQ126,"") | X31: =IF($AD$3="Hourly Profile",BQ157,"") | Y31: =IF($AD$3="Hourly Profile",BQ188,"") | Z31: =IF($AD$3="Hourly Profile",BQ219,"") | AA31: =IF($AD$3="Hourly Profile",BQ250,"") | AB31: =IF($AD$3="Hourly Profile",BQ281,"") | AC31: =IF($AD$3="Hourly Profile",BQ312,"") | AD31: =IF($AD$3="Hourly Profile",BQ343,"") | AE31: =IF($AD$3="Hourly Profile",BQ374,"") | AK31: 17 | BQ31: =IFERROR(AVERAGE(AL31:BP31),"")
C32: Environmental losses | D32: =AVERAGE(H49:H78) -> #DIV/0! | S32: 18 | T32: =IF($AD$3="Hourly Profile",BQ32,"") | U32: =IF($AD$3="Hourly Profile",BQ65,"") | V32: =IF($AD$3="Hourly Profile",BQ96,"") | W32: =IF($AD$3="Hourly Profile",BQ127,"") | X32: =IF($AD$3="Hourly Profile",BQ158,"") | Y32: =IF($AD$3="Hourly Profile",BQ189,"") | Z32: =IF($AD$3="Hourly Profile",BQ220,"") | AA32: =IF($AD$3="Hourly Profile",BQ251,"") | AB32: =IF($AD$3="Hourly Profile",BQ282,"") | AC32: =IF($AD$3="Hourly Profile",BQ313,"") | AD32: =IF($AD$3="Hourly Profile",BQ344,"") | AE32: =IF($AD$3="Hourly Profile",BQ375,"") | AK32: 18 | BQ32: =IFERROR(AVERAGE(AL32:BP32),"")
C33: Electrical losses to POI | D33: =AVERAGE(I49:I78) -> #DIV/0! | S33: 19 | T33: =IF($AD$3="Hourly Profile",BQ33,"") | U33: =IF($AD$3="Hourly Profile",BQ66,"") | V33: =IF($AD$3="Hourly Profile",BQ97,"") | W33: =IF($AD$3="Hourly Profile",BQ128,"") | X33: =IF($AD$3="Hourly Profile",BQ159,"") | Y33: =IF($AD$3="Hourly Profile",BQ190,"") | Z33: =IF($AD$3="Hourly Profile",BQ221,"") | AA33: =IF($AD$3="Hourly Profile",BQ252,"") | AB33: =IF($AD$3="Hourly Profile",BQ283,"") | AC33: =IF($AD$3="Hourly Profile",BQ314,"") | AD33: =IF($AD$3="Hourly Profile",BQ345,"") | AE33: =IF($AD$3="Hourly Profile",BQ376,"") | AK33: 19 | BQ33: =IFERROR(AVERAGE(AL33:BP33),"")
C34: Project downtime - planned | D34: =AVERAGE(K49:K78) -> #DIV/0! | S34: 20 | T34: =IF($AD$3="Hourly Profile",BQ34,"") | U34: =IF($AD$3="Hourly Profile",BQ67,"") | V34: =IF($AD$3="Hourly Profile",BQ98,"") | W34: =IF($AD$3="Hourly Profile",BQ129,"") | X34: =IF($AD$3="Hourly Profile",BQ160,"") | Y34: =IF($AD$3="Hourly Profile",BQ191,"") | Z34: =IF($AD$3="Hourly Profile",BQ222,"") | AA34: =IF($AD$3="Hourly Profile",BQ253,"") | AB34: =IF($AD$3="Hourly Profile",BQ284,"") | AC34: =IF($AD$3="Hourly Profile",BQ315,"") | AD34: =IF($AD$3="Hourly Profile",BQ346,"") | AE34: =IF($AD$3="Hourly Profile",BQ377,"") | AK34: 20 | BQ34: =IFERROR(AVERAGE(AL34:BP34),"")
C35: Turbine downtime - unplanned | D35: =AVERAGE(L49:L78) -> 1 | S35: 21 | T35: =IF($AD$3="Hourly Profile",BQ35,"") | U35: =IF($AD$3="Hourly Profile",BQ68,"") | V35: =IF($AD$3="Hourly Profile",BQ99,"") | W35: =IF($AD$3="Hourly Profile",BQ130,"") | X35: =IF($AD$3="Hourly Profile",BQ161,"") | Y35: =IF($AD$3="Hourly Profile",BQ192,"") | Z35: =IF($AD$3="Hourly Profile",BQ223,"") | AA35: =IF($AD$3="Hourly Profile",BQ254,"") | AB35: =IF($AD$3="Hourly Profile",BQ285,"") | AC35: =IF($AD$3="Hourly Profile",BQ316,"") | AD35: =IF($AD$3="Hourly Profile",BQ347,"") | AE35: =IF($AD$3="Hourly Profile",BQ378,"") | AK35: 21 | BQ35: =IFERROR(AVERAGE(AL35:BP35),"")
C36: Balance of plant downtime - unplanned | D36: =AVERAGE(M49:M78) -> 1 | S36: 22 | T36: =IF($AD$3="Hourly Profile",BQ36,"") | U36: =IF($AD$3="Hourly Profile",BQ69,"") | V36: =IF($AD$3="Hourly Profile",BQ100,"") | W36: =IF($AD$3="Hourly Profile",BQ131,"") | X36: =IF($AD$3="Hourly Profile",BQ162,"") | Y36: =IF($AD$3="Hourly Profile",BQ193,"") | Z36: =IF($AD$3="Hourly Profile",BQ224,"") | AA36: =IF($AD$3="Hourly Profile",BQ255,"") | AB36: =IF($AD$3="Hourly Profile",BQ286,"") | AC36: =IF($AD$3="Hourly Profile",BQ317,"") | AD36: =IF($AD$3="Hourly Profile",BQ348,"") | AE36: =IF($AD$3="Hourly Profile",BQ379,"") | AK36: 22 | BQ36: =IFERROR(AVERAGE(AL36:BP36),"")
S37: 23 | T37: =IF($AD$3="Hourly Profile",BQ37,"") | U37: =IF($AD$3="Hourly Profile",BQ70,"") | V37: =IF($AD$3="Hourly Profile",BQ101,"") | W37: =IF($AD$3="Hourly Profile",BQ132,"") | X37: =IF($AD$3="Hourly Profile",BQ163,"") | Y37: =IF($AD$3="Hourly Profile",BQ194,"") | Z37: =IF($AD$3="Hourly Profile",BQ225,"") | AA37: =IF($AD$3="Hourly Profile",BQ256,"") | AB37: =IF($AD$3="Hourly Profile",BQ287,"") | AC37: =IF($AD$3="Hourly Profile",BQ318,"") | AD37: =IF($AD$3="Hourly Profile",BQ349,"") | AE37: =IF($AD$3="Hourly Profile",BQ380,"") | AK37: 23 | BQ37: =IFERROR(AVERAGE(AL37:BP37),"")
C38: P50 Net energy (annual 30-year average) | D38: =AVERAGE(N49:N78) -> #DIV/0! | E38: MWh/year | S38: 24 | T38: =IF($AD$3="Hourly Profile",BQ38,"") | U38: =IF($AD$3="Hourly Profile",BQ71,"") | V38: =IF($AD$3="Hourly Profile",BQ102,"") | W38: =IF($AD$3="Hourly Profile",BQ133,"") | X38: =IF($AD$3="Hourly Profile",BQ164,"") | Y38: =IF($AD$3="Hourly Profile",BQ195,"") | Z38: =IF($AD$3="Hourly Profile",BQ226,"") | AA38: =IF($AD$3="Hourly Profile",BQ257,"") | AB38: =IF($AD$3="Hourly Profile",BQ288,"") | AC38: =IF($AD$3="Hourly Profile",BQ319,"") | AD38: =IF($AD$3="Hourly Profile",BQ350,"") | AE38: =IF($AD$3="Hourly Profile",BQ381,"") | AK38: 24 | BQ38: =IFERROR(AVERAGE(AL38:BP38),"")
C39: P50 Net capacity factor | D39: =D38/(8.76*D19*D20) -> #DIV/0!
C41: 1-year P99 Net energy | E41: GWh/year
C42: 1-year P99 Net capacity factor
R44: ='Part I-Instuctions'!B3 -> Duke OSW ARFI Submission Uptake Form_UPDATED 04.17.2025 | AJ44: FEBRUARY
C45: Column ID | D45: (i) | E45: (ii) | F45: (iii) | G45: (iv) | H45: (v) | I45: (vi) | J45: (vii) | K45: (viii) | L45: (ix) | M45: (x) | N45: (xi) | R45: Part VI (b)
D46: Gross annual energy (MWh) | E46: Internal wake loss (%) | F46: External wake loss (%) | G46: Suboptimal performance loss (%) | H46: Environmental loss (%) | I46: Electrical losses (%) | J46: Gross Annual Energy minus (i)-(vi) losses (MWh) | K46: Project downtime - planned (%) | L46: Turbine downtime - unplanned (%) | M46: Balance of plant downtime - unplanned (%) | N46: Net annual energy (MWh) | R46: Operational Information - PLANNED Maintenance Profile | AK46: HE | AL46: 1 | AM46: 2 | AN46: 3 | AO46: 4 | AP46: 5 | AQ46: 6 | AR46: 7 | AS46: 8 | AT46: 9 | AU46: 10 | AV46: 11 | AW46: 12 | AX46: 13 | AY46: 14 | AZ46: 15 | BA46: 16 | BB46: 17 | BC46: 18 | BD46: 19 | BE46: 20 | BF46: 21 | BG46: 22 | BH46: 23 | BI46: 24 | BJ46: 25 | BK46: 26 | BL46: 27 | BM46: 28 | BN46: =IF(AR10/4=ROUND(AR10/4,0),29,"") -> 29 | BQ46: Month
C47: P50 Annual Estimates | R47: Monthly Adjustment Factors as Percentage of Expected Production | BQ47: Avg
C48: Year | AK48: 1 | BQ48: =IFERROR(AVERAGE(AL48:BN48),"")
C49: 1 | J49: =D49*((1-E49)*(1-F49)*(1-G49)*(1-H49)*(1-I49)) -> 0 | K49: =1-(AVERAGE(T60:AE60)) -> #DIV/0! | L49: =1-(T102*V102) -> 1 | M49: =1-(U102*W102) -> 1 | N49: =J49*((1-K49)*(1-L49)*(1-M49)) -> #DIV/0! | S49: Table VI(b) and VI(c) request information related to the maintenance requirements of the Project. There are two tables. The first, VI (b), requests the maintenance profile for PLANNED activities associated with both the turbines and all balance of plant. This would include all pre-scheduled maintence, inspections, tests, component and consumables replacement. VI( c) (below) requests the annual expectations for UNPLANNED activities for both the turbines and all balance of plant. The downtime estimates year to year are expected to be derived based on the experience of the developer and experience with the proposed technology. | AK49: 2 | BQ49: =IFERROR(AVERAGE(AL49:BN49),"")
C50: =C49+1 -> 2 | J50: =D50*((1-E50)*(1-F50)*(1-G50)*(1-H50)*(1-I50)) -> 0 | K50: =1-(AVERAGE(T61:AE61)) -> #DIV/0! | L50: =1-(T103*V103) -> 1 | M50: =1-(U103*W103) -> 1 | N50: =J50*((1-K50)*(1-L50)*(1-M50)) -> #DIV/0! | AK50: 3 | BQ50: =IFERROR(AVERAGE(AL50:BN50),"")
C51: =C50+1 -> 3 | J51: =D51*((1-E51)*(1-F51)*(1-G51)*(1-H51)*(1-I51)) -> 0 | K51: =1-(AVERAGE(T62:AE62)) -> #DIV/0! | L51: =1-(T104*V104) -> 1 | M51: =1-(U104*W104) -> 1 | N51: =J51*((1-K51)*(1-L51)*(1-M51)) -> #DIV/0! | AK51: 4 | BQ51: =IFERROR(AVERAGE(AL51:BN51),"")
C52: =C51+1 -> 4 | J52: =D52*((1-E52)*(1-F52)*(1-G52)*(1-H52)*(1-I52)) -> 0 | K52: =1-(AVERAGE(T63:AE63)) -> #DIV/0! | L52: =1-(T105*V105) -> 1 | M52: =1-(U105*W105) -> 1 | N52: =J52*((1-K52)*(1-L52)*(1-M52)) -> #DIV/0! | AK52: 5 | BQ52: =IFERROR(AVERAGE(AL52:BN52),"")
C53: =C52+1 -> 5 | J53: =D53*((1-E53)*(1-F53)*(1-G53)*(1-H53)*(1-I53)) -> 0 | K53: =1-(AVERAGE(T64:AE64)) -> #DIV/0! | L53: =1-(T106*V106) -> 1 | M53: =1-(U106*W106) -> 1 | N53: =J53*((1-K53)*(1-L53)*(1-M53)) -> #DIV/0! | AK53: 6 | BQ53: =IFERROR(AVERAGE(AL53:BN53),"")
C54: =C53+1 -> 6 | J54: =D54*((1-E54)*(1-F54)*(1-G54)*(1-H54)*(1-I54)) -> 0 | K54: =1-(AVERAGE(T65:AE65)) -> #DIV/0! | L54: =1-(T107*V107) -> 1 | M54: =1-(U107*W107) -> 1 | N54: =J54*((1-K54)*(1-L54)*(1-M54)) -> #DIV/0! | AK54: 7 | BQ54: =IFERROR(AVERAGE(AL54:BN54),"")
C55: =C54+1 -> 7 | J55: =D55*((1-E55)*(1-F55)*(1-G55)*(1-H55)*(1-I55)) -> 0 | K55: =1-(AVERAGE(T66:AE66)) -> #DIV/0! | L55: =1-(T108*V108) -> 1 | M55: =1-(U108*W108) -> 1 | N55: =J55*((1-K55)*(1-L55)*(1-M55)) -> #DIV/0! | AK55: 8 | BQ55: =IFERROR(AVERAGE(AL55:BN55),"")
C56: =C55+1 -> 8 | J56: =D56*((1-E56)*(1-F56)*(1-G56)*(1-H56)*(1-I56)) -> 0 | K56: =1-(AVERAGE(T67:AE67)) -> #DIV/0! | L56: =1-(T109*V109) -> 1 | M56: =1-(U109*W109) -> 1 | N56: =J56*((1-K56)*(1-L56)*(1-M56)) -> #DIV/0! | AK56: 9 | BQ56: =IFERROR(AVERAGE(AL56:BN56),"")
C57: =C56+1 -> 9 | J57: =D57*((1-E57)*(1-F57)*(1-G57)*(1-H57)*(1-I57)) -> 0 | K57: =1-(AVERAGE(T68:AE68)) -> #DIV/0! | L57: =1-(T110*V110) -> 1 | M57: =1-(U110*W110) -> 1 | N57: =J57*((1-K57)*(1-L57)*(1-M57)) -> #DIV/0! | AK57: 10 | BQ57: =IFERROR(AVERAGE(AL57:BN57),"")
C58: =C57+1 -> 10 | J58: =D58*((1-E58)*(1-F58)*(1-G58)*(1-H58)*(1-I58)) -> 0 | K58: =1-(AVERAGE(T69:AE69)) -> #DIV/0! | L58: =1-(T111*V111) -> 1 | M58: =1-(U111*W111) -> 1 | N58: =J58*((1-K58)*(1-L58)*(1-M58)) -> #DIV/0! | S58: Note: Enter factors in decimal format, where 1 equals no adjustment (i.e. a decrease of 2% should be entered as 0.98) | AK58: 11 | BQ58: =IFERROR(AVERAGE(AL58:BN58),"")
C59: =C58+1 -> 11 | J59: =D59*((1-E59)*(1-F59)*(1-G59)*(1-H59)*(1-I59)) -> 0 | K59: =1-(AVERAGE(T70:AE70)) -> #DIV/0! | L59: =1-(T112*V112) -> 1 | M59: =1-(U112*W112) -> 1 | N59: =J59*((1-K59)*(1-L59)*(1-M59)) -> #DIV/0! | S59: Year | T59: Jan | U59: Feb | V59: Mar | W59: Apr | X59: May | Y59: Jun | Z59: Jul | AA59: Aug | AB59: Sep | AC59: Oct | AD59: Nov | AE59: Dec | AK59: 12 | BQ59: =IFERROR(AVERAGE(AL59:BN59),"")
C60: =C59+1 -> 12 | J60: =D60*((1-E60)*(1-F60)*(1-G60)*(1-H60)*(1-I60)) -> 0 | K60: =1-(AVERAGE(T71:AE71)) -> #DIV/0! | L60: =1-(T113*V113) -> 1 | M60: =1-(U113*W113) -> 1 | N60: =J60*((1-K60)*(1-L60)*(1-M60)) -> #DIV/0! | S60: 1 | AK60: 13 | BQ60: =IFERROR(AVERAGE(AL60:BN60),"")
C61: =C60+1 -> 13 | J61: =D61*((1-E61)*(1-F61)*(1-G61)*(1-H61)*(1-I61)) -> 0 | K61: =1-(AVERAGE(T72:AE72)) -> #DIV/0! | L61: =1-(T114*V114) -> 1 | M61: =1-(U114*W114) -> 1 | N61: =J61*((1-K61)*(1-L61)*(1-M61)) -> #DIV/0! | S61: =S60+1 -> 2 | AK61: 14 | BQ61: =IFERROR(AVERAGE(AL61:BN61),"")
C62: =C61+1 -> 14 | J62: =D62*((1-E62)*(1-F62)*(1-G62)*(1-H62)*(1-I62)) -> 0 | K62: =1-(AVERAGE(T73:AE73)) -> #DIV/0! | L62: =1-(T115*V115) -> 1 | M62: =1-(U115*W115) -> 1 | N62: =J62*((1-K62)*(1-L62)*(1-M62)) -> #DIV/0! | S62: =S61+1 -> 3 | AK62: 15 | BQ62: =IFERROR(AVERAGE(AL62:BN62),"")
C63: =C62+1 -> 15 | J63: =D63*((1-E63)*(1-F63)*(1-G63)*(1-H63)*(1-I63)) -> 0 | K63: =1-(AVERAGE(T74:AE74)) -> #DIV/0! | L63: =1-(T116*V116) -> 1 | M63: =1-(U116*W116) -> 1 | N63: =J63*((1-K63)*(1-L63)*(1-M63)) -> #DIV/0! | S63: =S62+1 -> 4 | AK63: 16 | BQ63: =IFERROR(AVERAGE(AL63:BN63),"")
C64: =C63+1 -> 16 | J64: =D64*((1-E64)*(1-F64)*(1-G64)*(1-H64)*(1-I64)) -> 0 | K64: =1-(AVERAGE(T75:AE75)) -> #DIV/0! | L64: =1-(T117*V117) -> 1 | M64: =1-(U117*W117) -> 1 | N64: =J64*((1-K64)*(1-L64)*(1-M64)) -> #DIV/0! | S64: =S63+1 -> 5 | AK64: 17 | BQ64: =IFERROR(AVERAGE(AL64:BN64),"")
C65: =C64+1 -> 17 | J65: =D65*((1-E65)*(1-F65)*(1-G65)*(1-H65)*(1-I65)) -> 0 | K65: =1-(AVERAGE(T76:AE76)) -> #DIV/0! | L65: =1-(T118*V118) -> 1 | M65: =1-(U118*W118) -> 1 | N65: =J65*((1-K65)*(1-L65)*(1-M65)) -> #DIV/0! | S65: =S64+1 -> 6 | AK65: 18 | BQ65: =IFERROR(AVERAGE(AL65:BN65),"")
C66: =C65+1 -> 18 | J66: =D66*((1-E66)*(1-F66)*(1-G66)*(1-H66)*(1-I66)) -> 0 | K66: =1-(AVERAGE(T77:AE77)) -> #DIV/0! | L66: =1-(T119*V119) -> 1 | M66: =1-(U119*W119) -> 1 | N66: =J66*((1-K66)*(1-L66)*(1-M66)) -> #DIV/0! | S66: =S65+1 -> 7 | AK66: 19 | BQ66: =IFERROR(AVERAGE(AL66:BN66),"")
C67: =C66+1 -> 19 | J67: =D67*((1-E67)*(1-F67)*(1-G67)*(1-H67)*(1-I67)) -> 0 | K67: =1-(AVERAGE(T78:AE78)) -> #DIV/0! | L67: =1-(T120*V120) -> 1 | M67: =1-(U120*W120) -> 1 | N67: =J67*((1-K67)*(1-L67)*(1-M67)) -> #DIV/0! | S67: =S66+1 -> 8 | AK67: 20 | BQ67: =IFERROR(AVERAGE(AL67:BN67),"")
C68: =C67+1 -> 20 | J68: =D68*((1-E68)*(1-F68)*(1-G68)*(1-H68)*(1-I68)) -> 0 | K68: =1-(AVERAGE(T79:AE79)) -> #DIV/0! | L68: =1-(T121*V121) -> 1 | M68: =1-(U121*W121) -> 1 | N68: =J68*((1-K68)*(1-L68)*(1-M68)) -> #DIV/0! | S68: =S67+1 -> 9 | AK68: 21 | BQ68: =IFERROR(AVERAGE(AL68:BN68),"")
C69: =C68+1 -> 21 | J69: =D69*((1-E69)*(1-F69)*(1-G69)*(1-H69)*(1-I69)) -> 0 | K69: =1-(AVERAGE(T80:AE80)) -> #DIV/0! | L69: =1-(T122*V122) -> 1 | M69: =1-(U122*W122) -> 1 | N69: =J69*((1-K69)*(1-L69)*(1-M69)) -> #DIV/0! | S69: =S68+1 -> 10 | AK69: 22 | BQ69: =IFERROR(AVERAGE(AL69:BN69),"")
C70: =C69+1 -> 22 | J70: =D70*((1-E70)*(1-F70)*(1-G70)*(1-H70)*(1-I70)) -> 0 | K70: =1-(AVERAGE(T81:AE81)) -> #DIV/0! | L70: =1-(T123*V123) -> 1 | M70: =1-(U123*W123) -> 1 | N70: =J70*((1-K70)*(1-L70)*(1-M70)) -> #DIV/0! | S70: =S69+1 -> 11 | AK70: 23 | BQ70: =IFERROR(AVERAGE(AL70:BN70),"")
C71: =C70+1 -> 23 | J71: =D71*((1-E71)*(1-F71)*(1-G71)*(1-H71)*(1-I71)) -> 0 | K71: =1-(AVERAGE(T82:AE82)) -> #DIV/0! | L71: =1-(T124*V124) -> 1 | M71: =1-(U124*W124) -> 1 | N71: =J71*((1-K71)*(1-L71)*(1-M71)) -> #DIV/0! | S71: =S70+1 -> 12 | AK71: 24 | BQ71: =IFERROR(AVERAGE(AL71:BN71),"")
C72: =C71+1 -> 24 | J72: =D72*((1-E72)*(1-F72)*(1-G72)*(1-H72)*(1-I72)) -> 0 | K72: =1-(AVERAGE(T83:AE83)) -> #DIV/0! | L72: =1-(T125*V125) -> 1 | M72: =1-(U125*W125) -> 1 | N72: =J72*((1-K72)*(1-L72)*(1-M72)) -> #DIV/0! | S72: =S71+1 -> 13
C73: =C72+1 -> 25 | J73: =D73*((1-E73)*(1-F73)*(1-G73)*(1-H73)*(1-I73)) -> 0 | K73: =1-(AVERAGE(T84:AE84)) -> #DIV/0! | L73: =1-(T126*V126) -> 1 | M73: =1-(U126*W126) -> 1 | N73: =J73*((1-K73)*(1-L73)*(1-M73)) -> #DIV/0! | S73: =S72+1 -> 14
C74: =C73+1 -> 26 | J74: =D74*((1-E74)*(1-F74)*(1-G74)*(1-H74)*(1-I74)) -> 0 | K74: =1-(AVERAGE(T85:AE85)) -> #DIV/0! | L74: =1-(T127*V127) -> 1 | M74: =1-(U127*W127) -> 1 | N74: =J74*((1-K74)*(1-L74)*(1-M74)) -> #DIV/0! | S74: =S73+1 -> 15
C75: =C74+1 -> 27 | J75: =D75*((1-E75)*(1-F75)*(1-G75)*(1-H75)*(1-I75)) -> 0 | K75: =1-(AVERAGE(T86:AE86)) -> #DIV/0! | L75: =1-(T128*V128) -> 1 | M75: =1-(U128*W128) -> 1 | N75: =J75*((1-K75)*(1-L75)*(1-M75)) -> #DIV/0! | S75: =S74+1 -> 16 | AJ75: MARCH
C76: =C75+1 -> 28 | J76: =D76*((1-E76)*(1-F76)*(1-G76)*(1-H76)*(1-I76)) -> 0 | K76: =1-(AVERAGE(T87:AE87)) -> #DIV/0! | L76: =1-(T129*V129) -> 1 | M76: =1-(U129*W129) -> 1 | N76: =J76*((1-K76)*(1-L76)*(1-M76)) -> #DIV/0! | S76: =S75+1 -> 17
C77: =C76+1 -> 29 | J77: =D77*((1-E77)*(1-F77)*(1-G77)*(1-H77)*(1-I77)) -> 0 | K77: =1-(AVERAGE(T88:AE88)) -> #DIV/0! | L77: =1-(T130*V130) -> 1 | M77: =1-(U130*W130) -> 1 | N77: =J77*((1-K77)*(1-L77)*(1-M77)) -> #DIV/0! | S77: =S76+1 -> 18 | AK77: HE | AL77: 1 | AM77: 2 | AN77: 3 | AO77: 4 | AP77: 5 | AQ77: 6 | AR77: 7 | AS77: 8 | AT77: 9 | AU77: 10 | AV77: 11 | AW77: 12 | AX77: 13 | AY77: 14 | AZ77: 15 | BA77: 16 | BB77: 17 | BC77: 18 | BD77: 19 | BE77: 20 | BF77: 21 | BG77: 22 | BH77: 23 | BI77: 24 | BJ77: 25 | BK77: 26 | BL77: 27 | BM77: 28 | BN77: 29 | BO77: 30 | BP77: 31 | BQ77: Month
C78: =C77+1 -> 30 | J78: =D78*((1-E78)*(1-F78)*(1-G78)*(1-H78)*(1-I78)) -> 0 | K78: =1-(AVERAGE(T89:AE89)) -> #DIV/0! | L78: =1-(T131*V131) -> 1 | M78: =1-(U131*W131) -> 1 | N78: =J78*((1-K78)*(1-L78)*(1-M78)) -> #DIV/0! | S78: =S77+1 -> 19 | BQ78: Avg
S79: =S78+1 -> 20 | AK79: 1 | BQ79: =IFERROR(AVERAGE(AL79:BP79),"")
S80: =S79+1 -> 21 | AK80: 2 | BQ80: =IFERROR(AVERAGE(AL80:BP80),"")
S81: =S80+1 -> 22 | AK81: 3 | BQ81: =IFERROR(AVERAGE(AL81:BP81),"")
S82: =S81+1 -> 23 | AK82: 4 | BQ82: =IFERROR(AVERAGE(AL82:BP82),"")
S83: =S82+1 -> 24 | AH83: =IF(AG89<S89*12,"Table is Incomplete. Information may be Required. <<< ","OK") -> Table is Incomplete. Information may be Required. <<< | AK83: 5 | BQ83: =IFERROR(AVERAGE(AL83:BP83),"")
S84: =S83+1 -> 25 | AK84: 6 | BQ84: =IFERROR(AVERAGE(AL84:BP84),"")
A85: Continued Right >>>> | S85: =S84+1 -> 26 | AK85: 7 | BQ85: =IFERROR(AVERAGE(AL85:BP85),"")
S86: =S85+1 -> 27 | AK86: 8 | BQ86: =IFERROR(AVERAGE(AL86:BP86),"")
S87: =S86+1 -> 28 | AK87: 9 | BQ87: =IFERROR(AVERAGE(AL87:BP87),"")
S88: =S87+1 -> 29 | AK88: 10 | BQ88: =IFERROR(AVERAGE(AL88:BP88),"")
S89: =S88+1 -> 30 | AG89: =COUNT(T60:AE89) -> 0 | AK89: 11 | BQ89: =IFERROR(AVERAGE(AL89:BP89),"")
AK90: 12 | BQ90: =IFERROR(AVERAGE(AL90:BP90),"")
AK91: 13 | BQ91: =IFERROR(AVERAGE(AL91:BP91),"")
AK92: 14 | BQ92: =IFERROR(AVERAGE(AL92:BP92),"")
R93: ='Part I-Instuctions'!B3 -> Duke OSW ARFI Submission Uptake Form_UPDATED 04.17.2025 | AK93: 15 | BQ93: =IFERROR(AVERAGE(AL93:BP93),"")
R94: Part VI (c) | AK94: 16 | BQ94: =IFERROR(AVERAGE(AL94:BP94),"")
R95: UNPLANNED Maintenance - Production Adjustment Assumptions | AK95: 17 | BQ95: =IFERROR(AVERAGE(AL95:BP95),"")
AK96: 18 | BQ96: =IFERROR(AVERAGE(AL96:BP96),"")
AK97: 19 | BQ97: =IFERROR(AVERAGE(AL97:BP97),"")
S98: Note: Enter factors in decimal format, where 1 equals no adjustment (i.e. a decrease of 2% should be entered as 0.98) | AK98: 20 | BQ98: =IFERROR(AVERAGE(AL98:BP98),"")
AK99: 21 | BQ99: =IFERROR(AVERAGE(AL99:BP99),"")
S100: Year | T100: Turbine ramp up downtime | U100: Balance of plant ramp up downtime | V100: Turbine downtime - all other | W100: Balance of plant downtime - all other | AK100: 22 | BQ100: =IFERROR(AVERAGE(AL100:BP100),"")
S101: Year | AK101: 23 | BQ101: =IFERROR(AVERAGE(AL101:BP101),"")
S102: 1 | AK102: 24 | BQ102: =IFERROR(AVERAGE(AL102:BP102),"")
S103: 2
S104: 3
S105: 4
...
